Workbook
Name adj.ev.edbitda: 'Market '!#REF!
Name alpha: #REF!
Name capex.life: #REF!
Name case: DCF!$C$11
Name control.pre: 'Market '!$C$60
Name ctry: WACC!$C$8
Name curr: Input!$D$7
Name DLOM: 'Market '!$C$61
Name f.COGS: #REF!
Name f.depre: #REF!
Name f.ebit: #REF!
Name f.ebitda: #REF!
Name f.other.op.exp: #REF!
Name f.salary.exp: #REF!
Name f.sales: #REF!
Name f.selling.exp: #REF!
Name h.cash.conv: Historicals!$D$222:$N$222
Name h.COGS: Historicals!$D$22:$N$22
Name h.Inv: Historicals!$D$189:$N$189
Name h.other.op.exp: Historicals!$D$27:$N$27
Name h.salary.exp: Historicals!$D$26:$N$26
Name h.sales: Historicals!$D$16:$N$16
Name h.selling.exp: Historicals!$D$25:$N$25
Name h.TP: Historicals!$D$190:$N$190
Name h.TR: Historicals!$D$188:$N$188
Name IQ_CH: 110000
Name IQ_CQ: 5000
Name IQ_CY: 10000
Name IQ_DAILY: 500000
Name IQ_FH: 100000
Name IQ_FQ: 500
Name IQ_FY: 1000
Name IQ_LTM: 2000
Name IQ_MONTH: 15000
Name IQ_NTM: 6000
Name IQ_WEEK: 50000
Name IQ_YTD: 3000
Name midyear: C0!$O$24:$AR$24
Name next.fy: Input!$D$12
Name pcent: Input!$D$5
Name raw.ev.ebitda: 'Market '!#REF!
Name RUL: #REF!
Name Subject: Cover!$D$5
Name tax: Input!$D$6
Name tv.growth: DCF!$E$57
Name units: Historicals!$C$10
Name vd: Input!$D$11
Name wacc: WACC!$C$30

Sheet Cover
B1: Super Simple Template
B3: General Information
B5: Subject Company | D5: Netflix
B6: Reference no | E6: Project ref number
B7: Model version | E7: This model version number must match with report version
B8: Prepared | E8: Name of preparer
B9: Reviewed | E9: Name of reviewer
B10: Approved | E10: Name of approver
B12: Cells Styles
B14: Input | D14: User input/ Assumptions
B16: CIQ | D16: The whole column is inputs from CIQ. To paste value and change back to normal color
B18: Results | D18: Results. Please do not change
B20: Offsheet | D20: Linked to another tab

Sheet Input
B1: General Information
B3: General | C3: Unit | D3: Value
B4: Subject company | C4: Name | D4: =Subject -> Netflix | E4: Name of Target Company
B5: % | C5: % | D5: 1 | E5: Percentage of shares to be acquired
B6: Corporate tax rate | C6: % | D6: 0.25 | E6: Enter corporate rate rate
B7: Currency | C7: Currency | D7: USD | E7: Enter currency
B8: Display unit | D8: k | E8: Enter k for thousands, m for millions and b for billions
B10: Date & Time period
B11: Valuation Date | C11: Date | D11: 46022 | E11: Valuation Date
B12: Next FY date | C12: Date | D12: 46387 | E12: Next financial year end. | H12: Cannot be equal to Valuation Date
B13: Available historical info | C13: years | D13: 5 | E13: Number of full years of available historical information
B14: Forecast period | C14: years | D14: 5 | E14: Number of full years of forecast

Sheet Historicals
B1: Historical Financial Performance
B10: Display unit | C10: =IF(Input!$D$8="k",1000,IF(Input!$D$8="m",1000000,1000000000)) -> 1000
B11: No of months | N11: =C0!N17 -> 12 | O11: =N11/12 -> 1
B12: Full year? | N12: =IF(N11=12,"Y","N") -> Y
A13: 1 | B13: Index | D13: =E13-1 -> -10 | E13: =F13-1 -> -9 | F13: =G13-1 -> -8 | G13: =H13-1 -> -7 | H13: =I13-1 -> -6 | I13: =J13-1 -> -5 | J13: =K13-1 -> -4 | K13: =L13-1 -> -3 | ... M13: =N13-1 -> -1 | N13: =IF(N12="Y",0,1) -> 0
A14: 2 | B14: =Subject&"'s historical P&L" -> Netflix's historical P&L
A15: 3 | B15: ="("&curr&" "&Input!D8&")" -> (USD k) | D15: =C0!D21 -> FYTE | E15: =C0!E21 -> FYTE | F15: =C0!F21 -> FYTE | G15: =C0!G21 -> FYTE | H15: =C0!H21 -> FYTE | I15: =C0!I21 -> FYTE | J15: =C0!J21 -> FY21 | K15: =C0!K21 -> FY22 | ... N15: =C0!N21 -> FY25 | O15: % of full year
A16: 4 | B16: Revenue | D16: =SUM(D17:D20) -> 0 | E16: =SUM(E17:E20) -> 0 | F16: =SUM(F17:F20) -> 0 | G16: =SUM(G17:G20) -> 0 | H16: =SUM(H17:H20) -> 0 | I16: =SUM(I17:I20) -> 0 | J16: =SUM(J17:J20) -> 0 | K16: =SUM(K17:K20) -> 0 | ... N16: =SUM(N17:N20) -> 0 | O16: =IFERROR(IF($N$12="Y","n.m",N16/Forecast!D17),"") -> n.m
A17: 5 | B17: [Revenue stream 1] | O17: =IFERROR(IF($N$12="Y","n.m",N17/Forecast!D18),"") -> n.m | P17: If you don’t have breakdown for revenue, input total revenue under stream 1
A18: 6 | B18: [Revenue stream 2] | O18: =IFERROR(IF($N$12="Y","n.m",N18/Forecast!D19),"") -> n.m
B19: [Revenue stream 3] | O19: =IFERROR(IF($N$12="Y","n.m",N19/Forecast!D20),"") -> n.m
B20: [Revenue stream 4] | O20: =IFERROR(IF($N$12="Y","n.m",N20/Forecast!D21),"") -> n.m
A21: 7
A22: 8 | B22: COGS | O22: =IFERROR(IF($N$12="Y","n.m",N22/Forecast!D23),"") -> n.m
A23: 9 | B23: Gross Profit | D23: =SUM(D17:D22) -> 0 | E23: =SUM(E17:E22) -> 0 | F23: =SUM(F17:F22) -> 0 | G23: =SUM(G17:G22) -> 0 | H23: =SUM(H17:H22) -> 0 | I23: =SUM(I17:I22) -> 0 | J23: =SUM(J17:J22) -> 0 | K23: =SUM(K17:K22) -> 0 | ... N23: =SUM(N17:N22) -> 0 | O23: =IFERROR(IF($N$12="Y","n.m",N23/Forecast!D24),"") -> n.m
A24: 10
A25: 11 | B25: [Selling & marketing] | C25: [variable only] | O25: =IFERROR(IF($N$12="Y","n.m",N25/Forecast!D26),"") -> n.m | P25: Selling & marketing expenses is a VC.
A26: 12 | B26: [Salary & wages] | C26: [fixed only] | O26: =IFERROR(IF($N$12="Y","n.m",N26/Forecast!D27),"") -> n.m | P26: Salary and wages are FC and analysed based on y-o-y growth.
A27: 13 | B27: [General & Admin expenses] | C27: [fixed only] | O27: =IFERROR(IF($N$12="Y","n.m",N27/Forecast!D28),"") -> n.m | P27: Other operating expenses are FC and analysed based on y-o-y growth.
A28: 14 | B28: [Other operating expenses 1] | C28: [fixed only] | O28: =IFERROR(IF($N$12="Y","n.m",N28/Forecast!D29),"") -> n.m | P28: Other operating expenses are FC and analysed based on y-o-y growth.
A29: 15 | B29: [Other operating expenses 2] | C29: [fixed only] | O29: =IFERROR(IF($N$12="Y","n.m",N29/Forecast!D30),"") -> n.m | P29: Other operating expenses are FC and analysed based on y-o-y growth.
A30: 16 | B30: EBIT | D30: =SUM(D23:D29) -> 0 | E30: =SUM(E23:E29) -> 0 | F30: =SUM(F23:F29) -> 0 | G30: =SUM(G23:G29) -> 0 | H30: =SUM(H23:H29) -> 0 | I30: =SUM(I23:I29) -> 0 | J30: =SUM(J23:J29) -> 0 | K30: =SUM(K23:K29) -> 0 | ... N30: =SUM(N23:N29) -> 0 | O30: =IFERROR(IF($N$12="Y","n.m",N30/Forecast!D31),"") -> n.m
A31: 17
A32: 18 | B32: Add: Depreciation | O32: =IFERROR(IF($N$12="Y","n.m",N32/Forecast!D33),"") -> n.m | P32: Add back Depreciation & Amortisation
A33: 19 | B33: Add: Amortisation | O33: =IFERROR(IF($N$12="Y","n.m",N33/Forecast!D34),"") -> n.m | P33: Add back Depreciation & Amortisation
A34: 20 | B34: EBITDA | D34: =SUM(D30:D33) -> 0 | E34: =SUM(E30:E33) -> 0 | F34: =SUM(F30:F33) -> 0 | G34: =SUM(G30:G33) -> 0 | H34: =SUM(H30:H33) -> 0 | I34: =SUM(I30:I33) -> 0 | J34: =SUM(J30:J33) -> 0 | K34: =SUM(K30:K33) -> 0 | ... N34: =SUM(N30:N33) -> 0 | O34: =IFERROR(IF($N$12="Y","n.m",N34/Forecast!D35),"") -> n.m
A35: 21 | B35: Source: Management accounts/ financial statements
A37: 22 | B37: [Interest expenses]
A38: 23 | B38: [Non-operating expenses]
A39: 24 | B39: [Non-operating income]
A40: 25 | B40: PBT | D40: =D30+SUM(D37:D39) -> 0 | E40: =E30+SUM(E37:E39) -> 0 | F40: =F30+SUM(F37:F39) -> 0 | G40: =G30+SUM(G37:G39) -> 0 | H40: =H30+SUM(H37:H39) -> 0 | I40: =I30+SUM(I37:I39) -> 0 | J40: =J30+SUM(J37:J39) -> 0 | K40: =K30+SUM(K37:K39) -> 0 | ... N40: =N30+SUM(N37:N39) -> 0
A41: 26
A42: 27 | B42: Tax
A43: 28 | B43: PAT | D43: =SUM(D40:D42) -> 0 | E43: =SUM(E40:E42) -> 0 | F43: =SUM(F40:F42) -> 0 | G43: =SUM(G40:G42) -> 0 | H43: =SUM(H40:H42) -> 0 | I43: =SUM(I40:I42) -> 0 | J43: =SUM(J40:J42) -> 0 | K43: =SUM(K40:K42) -> 0 | ... N43: =SUM(N40:N42) -> 0
A44: 29 | B44: Source: Management accounts/ financial statements
A45: 30
B46: check | D46: =D43 -> 0 | E46: =E43 -> 0 | F46: =F43 -> 0 | G46: =G43 -> 0 | H46: =H43 -> 0 | I46: =I43 -> 0 | J46: =J43 -> 0 | K46: =K43 -> 0 | ... N46: =N43 -> 0 | P46: Check if PAT ties
A48: 31 | B48: Key Financial Ratios - Historical P&L
A49: 32 | D49: =C0!D21 -> FYTE | E49: =C0!E21 -> FYTE | F49: =C0!F21 -> FYTE | G49: =C0!G21 -> FYTE | H49: =C0!H21 -> FYTE | I49: =C0!I21 -> FYTE | J49: =C0!J21 -> FY21 | K49: =C0!K21 -> FY22 | ... N49: =C0!N21 -> FY25 | O49: 3-YR CAGR
B50: y-o-y growth
A51: 33 | B51: =B16 -> Revenue | D51: =IFERROR(D16/C16-1,"") | E51: =IFERROR(E16/D16-1,"") | F51: =IFERROR(F16/E16-1,"") | G51: =IFERROR(G16/F16-1,"") | H51: =IFERROR(H16/G16-1,"") | I51: =IFERROR(I16/H16-1,"") | J51: =IFERROR(J16/I16-1,"") | K51: =IFERROR(K16/J16-1,"") | ... N51: =IFERROR(N16/M16-1,"") | O51: =IFERROR(IF(N12="Y",((N16/K16)^(1/COUNT(L16:N16))-1),((N16/N11*12)/K16)^(1/COUNT(L16:N16))-1),"") | P51: Check and change CAGR formula depending on how many years of data available
A52: 34 | B52: =B22 -> COGS | E52: =IFERROR(E22/D22-1,"") | F52: =IFERROR(F22/E22-1,"") | G52: =IFERROR(G22/F22-1,"") | H52: =IFERROR(H22/G22-1,"") | I52: =IFERROR(I22/H22-1,"") | J52: =IFERROR(J22/I22-1,"") | K52: =IFERROR(K22/J22-1,"") | L52: =IFERROR(L22/K22-1,"") | ... N52: =IFERROR(N22/M22-1,"") | O52: =IFERROR(IF(N12="Y",((N22/K22)^(1/COUNT(L22:N22))-1),((N22/N11*12)/K22)^(1/COUNT(L22:N22))-1),"")
A53: 35 | B53: =B26 -> [Salary & wages] | E53: =IFERROR(E26/D26-1,"") | F53: =IFERROR(F26/E26-1,"") | G53: =IFERROR(G26/F26-1,"") | H53: =IFERROR(H26/G26-1,"") | I53: =IFERROR(I26/H26-1,"") | J53: =IFERROR(J26/I26-1,"") | K53: =IFERROR(K26/J26-1,"") | L53: =IFERROR(L26/K26-1,"") | ... N53: =IFERROR(N26/M26-1,"") | O53: =IFERROR(IF(N12="Y",((N26/K26)^(1/COUNT(L26:N26))-1),((N26/N11*12)/K26)^(1/COUNT(L26:N26))-1),"")
A54: 36 | B54: =B27 -> [General & Admin expenses] | E54: =IFERROR(E27/D27-1,"") | F54: =IFERROR(F27/E27-1,"") | G54: =IFERROR(G27/F27-1,"") | H54: =IFERROR(H27/G27-1,"") | I54: =IFERROR(I27/H27-1,"") | J54: =IFERROR(J27/I27-1,"") | K54: =IFERROR(K27/J27-1,"") | L54: =IFERROR(L27/K27-1,"") | ... N54: =IFERROR(N27/M27-1,"") | O54: =IFERROR(IF(N12="Y",((N27/K27)^(1/COUNT(L27:N27))-1),((N27/N11*12)/K27)^(1/COUNT(L27:N27))-1),"")
A55: 37 | B55: =B28 -> [Other operating expenses 1] | E55: =IFERROR(E28/D28-1,"") | F55: =IFERROR(F28/E28-1,"") | G55: =IFERROR(G28/F28-1,"") | H55: =IFERROR(H28/G28-1,"") | I55: =IFERROR(I28/H28-1,"") | J55: =IFERROR(J28/I28-1,"") | K55: =IFERROR(K28/J28-1,"") | L55: =IFERROR(L28/K28-1,"") | ... N55: =IFERROR(N28/M28-1,"") | O55: =IFERROR(IF(N12="Y",((N28/K28)^(1/COUNT(L28:N28))-1),((N28/N11*12)/K28)^(1/COUNT(L28:N28))-1),"")
A56: 38 | B56: =B29 -> [Other operating expenses 2] | E56: =IFERROR(E29/D29-1,"") | F56: =IFERROR(F29/E29-1,"") | G56: =IFERROR(G29/F29-1,"") | H56: =IFERROR(H29/G29-1,"") | I56: =IFERROR(I29/H29-1,"") | J56: =IFERROR(J29/I29-1,"") | K56: =IFERROR(K29/J29-1,"") | L56: =IFERROR(L29/K29-1,"") | ... N56: =IFERROR(N29/M29-1,"") | O56: =IFERROR(IF(N12="Y",((N29/K29)^(1/COUNT(L29:N29))-1),((N29/N11*12)/K29)^(1/COUNT(L29:N29))-1),"")
A57: 39
A58: 40
A59: 41 | B59: % of revenue | O59: 3-Year Average
A60: 42 | B60: =B25 -> [Selling & marketing] | D60: =IFERROR(-D25/D16,"") | E60: =IFERROR(-E25/E16,"") | F60: =IFERROR(-F25/F16,"") | G60: =IFERROR(-G25/G16,"") | H60: =IFERROR(-H25/H16,"") | I60: =IFERROR(-I25/I16,"") | J60: =IFERROR(-J25/J16,"") | K60: =IFERROR(-K25/K16,"") | ... N60: =IFERROR(-N25/N16,"") | O60: =IFERROR(AVERAGE(L60:N60),"")
A61: 43 | B61: GP margin | D61: =IFERROR(D23/D16,"") | E61: =IFERROR(E23/E16,"") | F61: =IFERROR(F23/F16,"") | G61: =IFERROR(G23/G16,"") | H61: =IFERROR(H23/H16,"") | I61: =IFERROR(I23/I16,"") | J61: =IFERROR(J23/J16,"") | K61: =IFERROR(K23/K16,"") | ... N61: =IFERROR(N23/N16,"") | O61: =IFERROR(AVERAGE(L61:N61),"")
A62: 44 | B62: EBIT margin | D62: =IFERROR(D30/D16,"") | E62: =IFERROR(E30/E16,"") | F62: =IFERROR(F30/F16,"") | G62: =IFERROR(G30/G16,"") | H62: =IFERROR(H30/H16,"") | I62: =IFERROR(I30/I16,"") | J62: =IFERROR(J30/J16,"") | K62: =IFERROR(K30/K16,"") | ... N62: =IFERROR(N30/N16,"") | O62: =IFERROR(AVERAGE(L62:N62),"")
A63: 45 | B63: EBITDA margin | D63: =IFERROR(D34/D16,"") | E63: =IFERROR(E34/E16,"") | F63: =IFERROR(F34/F16,"") | G63: =IFERROR(G34/G16,"") | H63: =IFERROR(H34/H16,"") | I63: =IFERROR(I34/I16,"") | J63: =IFERROR(J34/J16,"") | K63: =IFERROR(K34/K16,"") | ... N63: =IFERROR(N34/N16,"") | O63: =IFERROR(AVERAGE(L63:N63),"")
B65: Source: FVA's computation
B66: Note:
B67: n.m: not meaningful. Not a full year.
B70: =Subject&"'s Balance Sheet" -> Netflix's Balance Sheet
B71: =B15 -> (USD k) | D71: =D15 -> FYTE | E71: =E15 -> FYTE | F71: =F15 -> FYTE | G71: =G15 -> FYTE | H71: =H15 -> FYTE | I71: =I15 -> FYTE | J71: =J15 -> FY21 | K71: =K15 -> FY22 | ... N71: =N15 -> FY25 | O71: 3-YR CAGR
B72: Assets
A73: PPE | B73: Property, plant and equipment | O73: =IFERROR((N73/K73)^(1/COUNT(L73:N73))-1,"")
A74: ROU Asset | B74: Right of use assets | O74: =IFERROR((N74/K74)^(1/COUNT(L74:N74))-1,"")
A75: IA | B75: Intangible assets | O75: =IFERROR((N75/K75)^(1/COUNT(L75:N75))-1,"")
A76: NOA | B76: Minority investment | O76: =IFERROR((N76/K76)^(1/COUNT(L76:N76))-1,"")
A77: NOA | B77: Investment in associates | O77: =IFERROR((N77/K77)^(1/COUNT(L77:N77))-1,"")
A78: NOA | B78: Investment in joint ventures | O78: =IFERROR((N78/K78)^(1/COUNT(L78:N78))-1,"")
A79: NWC - A | B79: Deferred employee benefits | O79: =IFERROR((N79/K79)^(1/COUNT(L79:N79))-1,"")
A80: NWC - A | B80: Deferred tax assets | O80: =IFERROR((N80/K80)^(1/COUNT(L80:N80))-1,"")
A81: NOA | B81: Long term receivables | O81: =IFERROR((N81/K81)^(1/COUNT(L81:N81))-1,"")
A82: NWC - A | B82: Long term prepayments | O82: =IFERROR((N82/K82)^(1/COUNT(L82:N82))-1,"")
A83: NWC - A | B83: [Other long term assets 1] | O83: =IFERROR((N83/K83)^(1/COUNT(L83:N83))-1,"")
A84: NWC - A | B84: [Other long term assets 2] | O84: =IFERROR((N84/K84)^(1/COUNT(L84:N84))-1,"")
A85: NWC - A | B85: [Other long term assets 3] | O85: =IFERROR((N85/K85)^(1/COUNT(L85:N85))-1,"")
B87: Total Non-Current Assets | D87: =SUM(D72:D85) -> 0 | E87: =SUM(E72:E85) -> 0 | F87: =SUM(F72:F85) -> 0 | G87: =SUM(G72:G85) -> 0 | H87: =SUM(H72:H85) -> 0 | I87: =SUM(I72:I85) -> 0 | J87: =SUM(J72:J85) -> 0 | K87: =SUM(K72:K85) -> 0 | ... N87: =SUM(N72:N85) -> 0 | O87: =IFERROR((N87/K87)^(1/COUNT(L87:N87))-1,"")
A89: Cash & CE | B89: Cash and cash equivalents | O89: =IFERROR((N89/K89)^(1/COUNT(L89:N89))-1,"")
A90: NWC - A | B90: Trade receivables | O90: =IFERROR((N90/K90)^(1/COUNT(L90:N90))-1,"")
A91: NWC - A | B91: Inventories | O91: =IFERROR((N91/K91)^(1/COUNT(L91:N91))-1,"")
A92: NWC - A | B92: Other current assets | O92: =IFERROR((N92/K92)^(1/COUNT(L92:N92))-1,"")
A93: NWC - A | B93: Prepayments | O93: =IFERROR((N93/K93)^(1/COUNT(L93:N93))-1,"")
A94: NWC - A | B94: Deposits | O94: =IFERROR((N94/K94)^(1/COUNT(L94:N94))-1,"")
A95: NOA | B95: Short term investments | O95: =IFERROR((N95/K95)^(1/COUNT(L95:N95))-1,"")
A96: NWC - A | B96: Prepaid taxes | O96: =IFERROR((N96/K96)^(1/COUNT(L96:N96))-1,"")
A97: NWC - A | B97: [Other current assets 1] | O97: =IFERROR((N97/K97)^(1/COUNT(L97:N97))-1,"")
A98: NWC - A | B98: [Other current assets 2] | O98: =IFERROR((N98/K98)^(1/COUNT(L98:N98))-1,"")
A99: NWC - A | B99: [Other current assets 3] | O99: =IFERROR((N99/K99)^(1/COUNT(L99:N99))-1,"")
B101: Total Current Assets | D101: =SUM(D89:D99) -> 0 | E101: =SUM(E89:E99) -> 0 | F101: =SUM(F89:F99) -> 0 | G101: =SUM(G89:G99) -> 0 | H101: =SUM(H89:H99) -> 0 | I101: =SUM(I89:I99) -> 0 | J101: =SUM(J89:J99) -> 0 | K101: =SUM(K89:K99) -> 0 | ... N101: =SUM(N89:N99) -> 0 | O101: =IFERROR((N101/K101)^(1/COUNT(L101:N101))-1,"")
B103: Total Assets | D103: =D87+D101 -> 0 | E103: =E87+E101 -> 0 | F103: =F87+F101 -> 0 | G103: =G87+G101 -> 0 | H103: =H87+H101 -> 0 | I103: =I87+I101 -> 0 | J103: =J87+J101 -> 0 | K103: =K87+K101 -> 0 | ... N103: =N87+N101 -> 0 | O103: =IFERROR((N103/K103)^(1/COUNT(L103:N103))-1,"")
B105: Liabilities
A106: NWC - L | B106: Trade and other payables | O106: =IFERROR((N106/K106)^(1/COUNT(L106:N106))-1,"")
A107: NWC - L | B107: Accrued expenses | O107: =IFERROR((N107/K107)^(1/COUNT(L107:N107))-1,"")
A108: NWC - L | B108: Due to contractors | O108: =IFERROR((N108/K108)^(1/COUNT(L108:N108))-1,"")
A109: NWC - L | B109: Income tax provision/payable | O109: =IFERROR((N109/K109)^(1/COUNT(L109:N109))-1,"")
A110: NWC - L | B110: Contract liabilities | O110: =IFERROR((N110/K110)^(1/COUNT(L110:N110))-1,"")
A111: Lease Liability | B111: Lease liabilities (current portion) | O111: =IFERROR((N111/K111)^(1/COUNT(L111:N111))-1,"")
A112: Debt | B112: Bank borrowings (current) | O112: =IFERROR((N112/K112)^(1/COUNT(L112:N112))-1,"")
A113: Debt | B113: Term loan (current) | O113: =IFERROR((N113/K113)^(1/COUNT(L113:N113))-1,"")
A114: NWC - L | B114: [Other current liabilities 1] | O114: =IFERROR((N114/K114)^(1/COUNT(L114:N114))-1,"")
A115: NWC - L | B115: [Other current liabilities 2] | O115: =IFERROR((N115/K115)^(1/COUNT(L115:N115))-1,"")
A116: NWC - L | B116: [Other current liabilities 3] | O116: =IFERROR((N116/K116)^(1/COUNT(L116:N116))-1,"")
B118: Total Current Liabilities | D118: =SUM(D106:D116) -> 0 | E118: =SUM(E106:E116) -> 0 | F118: =SUM(F106:F116) -> 0 | G118: =SUM(G106:G116) -> 0 | H118: =SUM(H106:H116) -> 0 | I118: =SUM(I106:I116) -> 0 | J118: =SUM(J106:J116) -> 0 | K118: =SUM(K106:K116) -> 0 | ... N118: =SUM(N106:N116) -> 0 | O118: =IFERROR((N118/K118)^(1/COUNT(L118:N118))-1,"")
A120: Debt | B120: Bank borrowings | O120: =IFERROR((N120/K120)^(1/COUNT(L120:N120))-1,"")
...

Sheet Forecast
B1: Financial Forecast
B11: Display unit | C11: =units -> 1000
B12: No of months (first period) | D12: =C0!O17 -> 12
B13: Full year? (First period) | D13: =IF($D$12=12,"Y","N") -> Y
B15: =Subject&" P&L Forecast" -> Netflix P&L Forecast
B16: =Historicals!B15 -> (USD k) | D16: ="FY"&RIGHT(C0!O20,2)&"F" -> FY26F | E16: =C0!P21 -> FY27F | F16: =C0!Q21 -> FY28F | G16: =C0!R21 -> FY29F | H16: =C0!S21 -> FY30F | I16: =C0!T21 -> FYTEF | J16: =C0!U21 -> FYTEF | K16: =C0!V21 -> FYTEF | L16: =C0!W21 -> FYTEF | ... N16: =C0!Y21 -> FYTEF
B17: =Historicals!B16 -> Revenue | D17: =SUM(D18:D21) -> 0 | E17: =SUM(E18:E21) -> 0 | F17: =SUM(F18:F21) -> 0 | G17: =SUM(G18:G21) -> 0 | H17: =SUM(H18:H21) -> 0 | I17: =SUM(I18:I21) -> 0 | J17: =SUM(J18:J21) -> 0 | K17: =SUM(K18:K21) -> 0 | ... N17: =SUM(N18:N21) -> 0
B18: =Historicals!B17 -> [Revenue stream 1]
B19: =Historicals!B18 -> [Revenue stream 2]
B20: =Historicals!B19 -> [Revenue stream 3]
B21: =Historicals!B20 -> [Revenue stream 4]
B23: =Historicals!B22 -> COGS
B24: =Historicals!B23 -> Gross Profit | D24: =SUM(D18:D23) -> 0 | E24: =SUM(E18:E23) -> 0 | F24: =SUM(F18:F23) -> 0 | G24: =SUM(G18:G23) -> 0 | H24: =SUM(H18:H23) -> 0 | I24: =SUM(I18:I23) -> 0 | J24: =SUM(J18:J23) -> 0 | K24: =SUM(K18:K23) -> 0 | ... N24: =SUM(N18:N23) -> 0
A26: VC | B26: =Historicals!B25 -> [Selling & marketing] | C26: =Historicals!C25 -> [variable only]
A27: FC | B27: =Historicals!B26 -> [Salary & wages] | C27: =Historicals!C26 -> [fixed only]
A28: FC | B28: =Historicals!B27 -> [General & Admin expenses] | C28: =Historicals!C27 -> [fixed only]
A29: FC | B29: =Historicals!B28 -> [Other operating expenses 1] | C29: =Historicals!C28 -> [fixed only]
A30: FC | B30: =Historicals!B29 -> [Other operating expenses 2] | C30: =Historicals!C29 -> [fixed only]
B31: =Historicals!B30 -> EBIT | D31: =SUM(D24:D30) -> 0 | E31: =SUM(E24:E30) -> 0 | F31: =SUM(F24:F30) -> 0 | G31: =SUM(G24:G30) -> 0 | H31: =SUM(H24:H30) -> 0 | I31: =SUM(I24:I30) -> 0 | J31: =SUM(J24:J30) -> 0 | K31: =SUM(K24:K30) -> 0 | ... N31: =SUM(N24:N30) -> 0
B33: =Historicals!B32 -> Add: Depreciation
B34: =Historicals!B33 -> Add: Amortisation
B35: =Historicals!B34 -> EBITDA | D35: =SUM(D31:D34) -> 0 | E35: =SUM(E31:E34) -> 0 | F35: =SUM(F31:F34) -> 0 | G35: =SUM(G31:G34) -> 0 | H35: =SUM(H31:H34) -> 0 | I35: =SUM(I31:I34) -> 0 | J35: =SUM(J31:J34) -> 0 | K35: =SUM(K31:K34) -> 0 | ... N35: =SUM(N31:N34) -> 0
B36: Source: Management forecast
B38: check | D38: =D35 -> 0 | E38: =E35 -> 0 | F38: =F35 -> 0 | G38: =G35 -> 0 | H38: =H35 -> 0 | I38: =I35 -> 0 | J38: =J35 -> 0 | K38: =K35 -> 0 | ... N38: =N35 -> 0
B40: Key financial ratios
D41: =D$16 -> FY26F | E41: =E$16 -> FY27F | F41: =F$16 -> FY28F | G41: =G$16 -> FY29F | H41: =H$16 -> FY30F | I41: =I$16 -> FYTEF | J41: =J$16 -> FYTEF | K41: =K$16 -> FYTEF | ... N41: =N$16 -> FYTEF
B42: y-o-y growth
B43: =B17 -> Revenue | D43: =IFERROR(IF(D13="Y",D17/Historicals!N16-1,D17/Historicals!M16-1),"") | E43: =IFERROR(E17/D17-1,"") | F43: =IFERROR(F17/E17-1,"") | G43: =IFERROR(G17/F17-1,"") | H43: =IFERROR(H17/G17-1,"") | I43: =IFERROR(I17/H17-1,"") | J43: =IFERROR(J17/I17-1,"") | K43: =IFERROR(K17/J17-1,"") | L43: =IFERROR(L17/K17-1,"") | ... N43: =IFERROR(N17/M17-1,"")
B44: =B23 -> COGS | D44: =IFERROR(IF(D13="Y",D23/Historicals!N22-1,D23/Historicals!M22-1),"") | E44: =IFERROR(E23/D23-1,"") | F44: =IFERROR(F23/E23-1,"") | G44: =IFERROR(G23/F23-1,"") | H44: =IFERROR(H23/G23-1,"") | I44: =IFERROR(I23/H23-1,"") | J44: =IFERROR(J23/I23-1,"") | K44: =IFERROR(K23/J23-1,"") | L44: =IFERROR(L23/K23-1,"") | ... N44: =IFERROR(N23/M23-1,"")
B45: =B27 -> [Salary & wages] | D45: =IFERROR(IF(D13="Y",D27/Historicals!N26-1,D27/Historicals!M26-1),"") | E45: =IFERROR(E27/D27-1,"") | F45: =IFERROR(F27/E27-1,"") | G45: =IFERROR(G27/F27-1,"") | H45: =IFERROR(H27/G27-1,"") | I45: =IFERROR(I27/H27-1,"") | J45: =IFERROR(J27/I27-1,"") | K45: =IFERROR(K27/J27-1,"") | L45: =IFERROR(L27/K27-1,"") | ... N45: =IFERROR(N27/M27-1,"")
B46: =B28 -> [General & Admin expenses] | D46: =IFERROR(IF(D13="Y",D28/Historicals!N27-1,D28/Historicals!M27-1),"") | E46: =IFERROR(E28/D28-1,"") | F46: =IFERROR(F28/E28-1,"") | G46: =IFERROR(G28/F28-1,"") | H46: =IFERROR(H28/G28-1,"") | I46: =IFERROR(I28/H28-1,"") | J46: =IFERROR(J28/I28-1,"") | K46: =IFERROR(K28/J28-1,"") | L46: =IFERROR(L28/K28-1,"") | ... N46: =IFERROR(N28/M28-1,"")
B47: =B29 -> [Other operating expenses 1] | D47: =IFERROR(IF(D13="Y",D29/Historicals!N28-1,D29/Historicals!M28-1),"") | E47: =IFERROR(E29/D29-1,"") | F47: =IFERROR(F29/E29-1,"") | G47: =IFERROR(G29/F29-1,"") | H47: =IFERROR(H29/G29-1,"") | I47: =IFERROR(I29/H29-1,"") | J47: =IFERROR(J29/I29-1,"") | K47: =IFERROR(K29/J29-1,"") | L47: =IFERROR(L29/K29-1,"") | ... N47: =IFERROR(N29/M29-1,"")
B48: =B30 -> [Other operating expenses 2] | D48: =IFERROR(IF(D13="Y",D30/Historicals!N29-1,D30/Historicals!M29-1),"") | E48: =IFERROR(E30/D30-1,"") | F48: =IFERROR(F30/E30-1,"") | G48: =IFERROR(G30/F30-1,"") | H48: =IFERROR(H30/G30-1,"") | I48: =IFERROR(I30/H30-1,"") | J48: =IFERROR(J30/I30-1,"") | K48: =IFERROR(K30/J30-1,"") | L48: =IFERROR(L30/K30-1,"") | ... N48: =IFERROR(N30/M30-1,"")
B50: % of revenue
B51: =B26 -> [Selling & marketing] | D51: =IFERROR(-D26/D$17,"") | E51: =IFERROR(-E26/E$17,"") | F51: =IFERROR(-F26/F$17,"") | G51: =IFERROR(-G26/G$17,"") | H51: =IFERROR(-H26/H$17,"") | I51: =IFERROR(-I26/I$17,"") | J51: =IFERROR(-J26/J$17,"") | K51: =IFERROR(-K26/K$17,"") | ... N51: =IFERROR(-N26/N$17,"")
B52: =Historicals!B61 -> GP margin | D52: =IFERROR(D24/D17,"") | E52: =IFERROR(E24/E17,"") | F52: =IFERROR(F24/F17,"") | G52: =IFERROR(G24/G17,"") | H52: =IFERROR(H24/H17,"") | I52: =IFERROR(I24/I17,"") | J52: =IFERROR(J24/J17,"") | K52: =IFERROR(K24/K17,"") | ... N52: =IFERROR(N24/N17,"")
B53: =Historicals!B62 -> EBIT margin | D53: =IFERROR(D31/D17,"") | E53: =IFERROR(E31/E17,"") | F53: =IFERROR(F31/F17,"") | G53: =IFERROR(G31/G17,"") | H53: =IFERROR(H31/H17,"") | I53: =IFERROR(I31/I17,"") | J53: =IFERROR(J31/J17,"") | K53: =IFERROR(K31/K17,"") | ... N53: =IFERROR(N31/N17,"")
B54: =Historicals!B63 -> EBITDA margin | D54: =IFERROR(D35/D17,"") | E54: =IFERROR(E35/E17,"") | F54: =IFERROR(F35/F17,"") | G54: =IFERROR(G35/G17,"") | H54: =IFERROR(H35/H17,"") | I54: =IFERROR(I35/I17,"") | J54: =IFERROR(J35/J17,"") | K54: =IFERROR(K35/K17,"") | ... N54: =IFERROR(N35/N17,"")
B55: Source: FVA's computation
B57: Selected Capex | C57: 1 | D57: =IF($C$57=$A$67,D67,IF($C$57=$A$78,D78,D87)) -> 0 | E57: =IF($C$57=$A$67,E67,IF($C$57=$A$78,E78,E87)) -> 0 | F57: =IF($C$57=$A$67,F67,IF($C$57=$A$78,F78,F87)) -> 0 | G57: =IF($C$57=$A$67,G67,IF($C$57=$A$78,G78,G87)) -> 0 | H57: =IF($C$57=$A$67,H67,IF($C$57=$A$78,H78,H87)) -> 0 | I57: =IF($C$57=$A$67,I67,IF($C$57=$A$78,I78,I87)) -> 0 | J57: =IF($C$57=$A$67,J67,IF($C$57=$A$78,J78,J87)) -> 0 | K57: =IF($C$57=$A$67,K67,IF($C$57=$A$78,K78,K87)) -> 0 | ... N57: =IF($C$57=$A$67,N67,IF($C$57=$A$78,N78,N87)) -> 0
B58: Selected Change in NWC | C58: 1 | D58: =IF($C$58=$A$101,D101,IF($C$58=$A$120,D120,D132)) -> 0 | E58: =IF($C$58=$A$101,E101,IF($C$58=$A$120,E120,E132)) -> 0 | F58: =IF($C$58=$A$101,F101,IF($C$58=$A$120,F120,F132)) -> 0 | G58: =IF($C$58=$A$101,G101,IF($C$58=$A$120,G120,G132)) -> 0 | H58: =IF($C$58=$A$101,H101,IF($C$58=$A$120,H120,H132)) -> 0 | I58: =IF($C$58=$A$101,I101,IF($C$58=$A$120,I120,I132)) -> 0 | J58: =IF($C$58=$A$101,J101,IF($C$58=$A$120,J120,J132)) -> 0 | K58: =IF($C$58=$A$101,K101,IF($C$58=$A$120,K120,K132)) -> 0 | ... N58: =IF($C$58=$A$101,N101,IF($C$58=$A$120,N120,N132)) -> 0
A62: Option | B62: 1. Capex Forecast as provided by Management
B63: =Subject&" Capital Expenditures Forecast" -> Netflix Capital Expenditures Forecast
B64: =B$16 -> (USD k) | D64: =D$16 -> FY26F | E64: =E$16 -> FY27F | F64: =F$16 -> FY28F | G64: =G$16 -> FY29F | H64: =H$16 -> FY30F | I64: =I$16 -> FYTEF | J64: =J$16 -> FYTEF | K64: =K$16 -> FYTEF | ... N64: =N$16 -> FYTEF
B65: Maintenance CAPEX
B66: Expansionary CAPEX
A67: 1 | B67: Total CAPEX | D67: =IFERROR(SUM(D65:D66),"") -> 0 | E67: =IFERROR(SUM(E65:E66),"") -> 0 | F67: =IFERROR(SUM(F65:F66),"") -> 0 | G67: =IFERROR(SUM(G65:G66),"") -> 0 | H67: =IFERROR(SUM(H65:H66),"") -> 0 | I67: =IFERROR(SUM(I65:I66),"") -> 0 | J67: =IFERROR(SUM(J65:J66),"") -> 0 | K67: =IFERROR(SUM(K65:K66),"") -> 0 | ... N67: =IFERROR(SUM(N65:N66),"") -> 0
B68: Source: Management
B70: Forecast PPE | D70: =(Historicals!N73-Forecast!D67-Forecast!D33) -> 0 | E70: =(D70-Forecast!E67-Forecast!E33) -> 0 | F70: =(E70-Forecast!F67-Forecast!F33) -> 0 | G70: =(F70-Forecast!G67-Forecast!G33) -> 0 | H70: =(G70-Forecast!H67-Forecast!H33) -> 0 | I70: =(H70-Forecast!I67-Forecast!I33) -> 0 | J70: =(I70-Forecast!J67-Forecast!J33) -> 0 | K70: =(J70-Forecast!K67-Forecast!K33) -> 0 | L70: =(K70-Forecast!L67-Forecast!L33) -> 0 | ... N70: =(M70-Forecast!N67-Forecast!N33) -> 0
B71: Capex/Sales | D71: =IFERROR(D67/D$17,"") | E71: =IFERROR(E67/E$17,"") | F71: =IFERROR(F67/F$17,"") | G71: =IFERROR(G67/G$17,"") | H71: =IFERROR(H67/H$17,"") | I71: =IFERROR(I67/I$17,"") | J71: =IFERROR(J67/J$17,"") | K71: =IFERROR(K67/K$17,"") | ... N71: =IFERROR(N67/N$17,"")
B72: Fixed Asset Turnover Ratio | D72: =IFERROR(D17/D70,"") | E72: =IFERROR(E17/E70,"") | F72: =IFERROR(F17/F70,"") | G72: =IFERROR(G17/G70,"") | H72: =IFERROR(H17/H70,"") | I72: =IFERROR(I17/I70,"") | J72: =IFERROR(J17/J70,"") | K72: =IFERROR(K17/K70,"") | ... N72: =IFERROR(N17/N70,"")
A74: Option | B74: 2. Capex Forecast based on fixed asset turns
B75: =Subject&" Capital Expenditures Forecast" -> Netflix Capital Expenditures Forecast
B76: =B$16 -> (USD k) | D76: =D$16 -> FY26F | E76: =E$16 -> FY27F | F76: =F$16 -> FY28F | G76: =G$16 -> FY29F | H76: =H$16 -> FY30F | I76: =I$16 -> FYTEF | J76: =J$16 -> FYTEF | K76: =K$16 -> FYTEF | ... N76: =N$16 -> FYTEF
B77: Forecast PPE | C77: =Historicals!O211 | D77: =IFERROR(D17/$C$77,"") | E77: =IFERROR(E17/$C$77,"") | F77: =IFERROR(F17/$C$77,"") | G77: =IFERROR(G17/$C$77,"") | H77: =IFERROR(H17/$C$77,"") | I77: =IFERROR(I17/$C$77,"") | J77: =IFERROR(J17/$C$77,"") | K77: =IFERROR(K17/$C$77,"") | ... N77: =IFERROR(N17/$C$77,"")
A78: 2 | B78: Implied Capex | D78: =IFERROR(-(D77+D33-Historicals!N73),"") | E78: =IFERROR(-(E77+E33-Historicals!O73),"") | F78: =IFERROR(-(F77+F33-Historicals!P73),"") | G78: =IFERROR(-(G77+G33-Historicals!Q73),"") | H78: =IFERROR(-(H77+H33-Historicals!R73),"") | I78: =IFERROR(-(I77+I33-Historicals!S73),"") | J78: =IFERROR(-(J77+J33-Historicals!T73),"") | K78: =IFERROR(-(K77+K33-Historicals!U73),"") | ... N78: =IFERROR(-(N77+N33-Historicals!X73),"")
B79: Source: FVA analysis
B81: Capex/Sales | D81: =IFERROR(D78/D$17,"") | E81: =IFERROR(E78/E$17,"") | F81: =IFERROR(F78/F$17,"") | G81: =IFERROR(G78/G$17,"") | H81: =IFERROR(H78/H$17,"") | I81: =IFERROR(I78/I$17,"") | J81: =IFERROR(J78/J$17,"") | K81: =IFERROR(K78/K$17,"") | ... N81: =IFERROR(N78/N$17,"")
A84: Option | B84: 3. Capex Forecast based on capex/sales
B85: =Subject&" Capital Expenditures Forecast" -> Netflix Capital Expenditures Forecast
B86: =B$16 -> (USD k) | D86: =D$16 -> FY26F | E86: =E$16 -> FY27F | F86: =F$16 -> FY28F | G86: =G$16 -> FY29F | H86: =H$16 -> FY30F | I86: =I$16 -> FYTEF | J86: =J$16 -> FYTEF | K86: =K$16 -> FYTEF | ... N86: =N$16 -> FYTEF
A87: 3 | B87: Net CAPEX | C87: =Historicals!O145 | D87: =IFERROR(D17*$C$87,"") | E87: =IFERROR(E17*$C$87,"") | F87: =IFERROR(F17*$C$87,"") | G87: =IFERROR(G17*$C$87,"") | H87: =IFERROR(H17*$C$87,"") | I87: =IFERROR(I17*$C$87,"") | J87: =IFERROR(J17*$C$87,"") | K87: =IFERROR(K17*$C$87,"") | ... N87: =IFERROR(N17*$C$87,"")
B88: Source: FVA analysis
A92: Option | B92: 1. NWC Forecast as provided by Management
B93: =Subject&" Net Working Capital Forecast" -> Netflix Net Working Capital Forecast | O93: Provided by Management
B94: =B$16 -> (USD k) | D94: =D$16 -> FY26F | E94: =E$16 -> FY27F | F94: =F$16 -> FY28F | G94: =G$16 -> FY29F | H94: =H$16 -> FY30F | I94: =I$16 -> FYTEF | J94: =J$16 -> FYTEF | K94: =K$16 -> FYTEF | ... N94: =N$16 -> FYTEF
B95: =B126 -> Trade receivables
B96: =B127 -> Inventory
B97: =B128 -> Trade payables
B98: =B129 -> Other current assets
B99: =B130 -> Other current liabilities
B100: =B131 -> Net working capital | D100: =SUM(D95:D99) -> 0 | E100: =SUM(E95:E99) -> 0 | F100: =SUM(F95:F99) -> 0 | G100: =SUM(G95:G99) -> 0 | H100: =SUM(H95:H99) -> 0 | I100: =SUM(I95:I99) -> 0 | J100: =SUM(J95:J99) -> 0 | K100: =SUM(K95:K99) -> 0 | ... N100: =SUM(N95:N99) -> 0
A101: 1 | B101: Change in NWC | D101: =IFERROR(Historicals!$N$162-D100,"") -> 0 | E101: =IFERROR(D100-E100,"") -> 0 | F101: =IFERROR(E100-F100,"") -> 0 | G101: =IFERROR(F100-G100,"") -> 0 | H101: =IFERROR(G100-H100,"") -> 0 | I101: =IFERROR(H100-I100,"") -> 0 | J101: =IFERROR(I100-J100,"") -> 0 | K101: =IFERROR(J100-K100,"") -> 0 | L101: =IFERROR(K100-L100,"") -> 0 | ... N101: =IFERROR(M100-N100,"") -> 0
B102: Source: FVA analysis
B104: Cash conversion cycle
B105: =Historicals!B219 -> Collection period (days) | D105: =IFERROR(D95/D17*365,"") | E105: =IFERROR(E95/E17*365,"") | F105: =IFERROR(F95/F17*365,"") | G105: =IFERROR(G95/G17*365,"") | H105: =IFERROR(H95/H17*365,"") | I105: =IFERROR(I95/I17*365,"") | J105: =IFERROR(J95/J17*365,"") | K105: =IFERROR(K95/K17*365,"") | ... N105: =IFERROR(N95/N17*365,"")
B106: =Historicals!B220 -> Payment period (days) | D106: =IFERROR(D97/D23*365,"") | E106: =IFERROR(E97/E23*365,"") | F106: =IFERROR(F97/F23*365,"") | G106: =IFERROR(G97/G23*365,"") | H106: =IFERROR(H97/H23*365,"") | I106: =IFERROR(I97/I23*365,"") | J106: =IFERROR(J97/J23*365,"") | K106: =IFERROR(K97/K23*365,"") | ... N106: =IFERROR(N97/N23*365,"")
B107: =Historicals!B221 -> Inventory (days on hand) | D107: =IFERROR(D96/D23*365,"") | E107: =IFERROR(E96/E23*365,"") | F107: =IFERROR(F96/F23*365,"") | G107: =IFERROR(G96/G23*365,"") | H107: =IFERROR(H96/H23*365,"") | I107: =IFERROR(I96/I23*365,"") | J107: =IFERROR(J96/J23*365,"") | K107: =IFERROR(K96/K23*365,"") | ... N107: =IFERROR(N96/N23*365,"")
B108: =Historicals!B222 -> Cash conversion (days) | D108: =IFERROR(D107+D105-D106,"") | E108: =IFERROR(E107+E105-E106,"") | F108: =IFERROR(F107+F105-F106,"") | G108: =IFERROR(G107+G105-G106,"") | H108: =IFERROR(H107+H105-H106,"") | I108: =IFERROR(I107+I105-I106,"") | J108: =IFERROR(J107+J105-J106,"") | K108: =IFERROR(K107+K105-K106,"") | ... N108: =IFERROR(N107+N105-N106,"")
B110: =Historicals!B224 -> As a % of revenue
B111: =Historicals!B225 -> Other current assets | D111: =IFERROR(D98/D$17,"") | E111: =IFERROR(E98/E$17,"") | F111: =IFERROR(F98/F$17,"") | G111: =IFERROR(G98/G$17,"") | H111: =IFERROR(H98/H$17,"") | I111: =IFERROR(I98/I$17,"") | J111: =IFERROR(J98/J$17,"") | K111: =IFERROR(K98/K$17,"") | ... N111: =IFERROR(N98/N$17,"")
B112: =Historicals!B226 -> Other current liabilities | D112: =IFERROR(D99/D$17,"") | E112: =IFERROR(E99/E$17,"") | F112: =IFERROR(F99/F$17,"") | G112: =IFERROR(G99/G$17,"") | H112: =IFERROR(H99/H$17,"") | I112: =IFERROR(I99/I$17,"") | J112: =IFERROR(J99/J$17,"") | K112: =IFERROR(K99/K$17,"") | ... N112: =IFERROR(N99/N$17,"")
B114: Source: FVA's computation
A116: Option | B116: 2. NWC Forecast based on NWC/sales
B117: =Subject&" Net Working Capital Forecast" -> Netflix Net Working Capital Forecast | O117: Based on historical NWC/sales
B118: =B$16 -> (USD k) | D118: =D$16 -> FY26F | E118: =E$16 -> FY27F | F118: =F$16 -> FY28F | G118: =G$16 -> FY29F | H118: =H$16 -> FY30F | I118: =I$16 -> FYTEF | J118: =J$16 -> FYTEF | K118: =K$16 -> FYTEF | ... N118: =N$16 -> FYTEF
B119: Net working capital | C119: =Historicals!O164 | D119: =IFERROR(D17*$C$119,"") | E119: =IFERROR(E17*$C$119,"") | F119: =IFERROR(F17*$C$119,"") | G119: =IFERROR(G17*$C$119,"") | H119: =IFERROR(H17*$C$119,"") | I119: =IFERROR(I17*$C$119,"") | J119: =IFERROR(J17*$C$119,"") | K119: =IFERROR(K17*$C$119,"") | ... N119: =IFERROR(N17*$C$119,"")
A120: 2 | B120: Change in NWC | D120: =IFERROR(Historicals!$N$162-D119,"") | E120: =IFERROR(D119-E119,"") | F120: =IFERROR(E119-F119,"") | G120: =IFERROR(F119-G119,"") | H120: =IFERROR(G119-H119,"") | I120: =IFERROR(H119-I119,"") | J120: =IFERROR(I119-J119,"") | K120: =IFERROR(J119-K119,"") | L120: =IFERROR(K119-L119,"") | ... N120: =IFERROR(M119-N119,"")
B121: Source: FVA analysis
A123: Option | B123: 3. NWC Forecast based on KPIs
B124: =Subject&" Net Working Capital Forecast" -> Netflix Net Working Capital Forecast
B125: =B$16 -> (USD k) | D125: =D$16 -> FY26F | E125: =E$16 -> FY27F | F125: =F$16 -> FY28F | G125: =G$16 -> FY29F | H125: =H$16 -> FY30F | I125: =I$16 -> FYTEF | J125: =J$16 -> FYTEF | K125: =K$16 -> FYTEF | ... N125: =N$16 -> FYTEF | O125: Based on historical KPIs such as days outstanding etc
B126: =Historicals!B188 -> Trade receivables | C126: =Historicals!O219 | D126: =IFERROR($C$126*D17/365,"") | E126: =IFERROR($C$126*E17/365,"") | F126: =IFERROR($C$126*F17/365,"") | G126: =IFERROR($C$126*G17/365,"") | H126: =IFERROR($C$126*H17/365,"") | I126: =IFERROR($C$126*I17/365,"") | J126: =IFERROR($C$126*J17/365,"") | K126: =IFERROR($C$126*K17/365,"") | ... N126: =IFERROR($C$126*N17/365,"")
B127: =Historicals!B189 -> Inventory | C127: =Historicals!O221 | D127: =IFERROR($C$127*-D23/365,"") | E127: =IFERROR($C$127*-E23/365,"") | F127: =IFERROR($C$127*-F23/365,"") | G127: =IFERROR($C$127*-G23/365,"") | H127: =IFERROR($C$127*-H23/365,"") | I127: =IFERROR($C$127*-I23/365,"") | J127: =IFERROR($C$127*-J23/365,"") | K127: =IFERROR($C$127*-K23/365,"") | ... N127: =IFERROR($C$127*-N23/365,"")
B128: =Historicals!B190 -> Trade payables | C128: =Historicals!O220 | D128: =IFERROR($C$128*D23/365,"") | E128: =IFERROR($C$128*E23/365,"") | F128: =IFERROR($C$128*F23/365,"") | G128: =IFERROR($C$128*G23/365,"") | H128: =IFERROR($C$128*H23/365,"") | I128: =IFERROR($C$128*I23/365,"") | J128: =IFERROR($C$128*J23/365,"") | K128: =IFERROR($C$128*K23/365,"") | ... N128: =IFERROR($C$128*N23/365,"")
B129: =Historicals!B191 -> Other current assets | C129: =Historicals!O225 | D129: =IFERROR($C$129*D17,"") | E129: =IFERROR($C$129*E17,"") | F129: =IFERROR($C$129*F17,"") | G129: =IFERROR($C$129*G17,"") | H129: =IFERROR($C$129*H17,"") | I129: =IFERROR($C$129*I17,"") | J129: =IFERROR($C$129*J17,"") | K129: =IFERROR($C$129*K17,"") | ... N129: =IFERROR($C$129*N17,"")
B130: =Historicals!B192 -> Other current liabilities | C130: =Historicals!O226 | D130: =IFERROR($C$130*D17,"") | E130: =IFERROR($C$130*E17,"") | F130: =IFERROR($C$130*F17,"") | G130: =IFERROR($C$130*G17,"") | H130: =IFERROR($C$130*H17,"") | I130: =IFERROR($C$130*I17,"") | J130: =IFERROR($C$130*J17,"") | K130: =IFERROR($C$130*K17,"") | ... N130: =IFERROR($C$130*N17,"")
B131: =Historicals!B193 -> Net working capital | D131: =SUM(D126:D130) -> 0 | E131: =SUM(E126:E130) -> 0 | F131: =SUM(F126:F130) -> 0 | G131: =SUM(G126:G130) -> 0 | H131: =SUM(H126:H130) -> 0 | I131: =SUM(I126:I130) -> 0 | J131: =SUM(J126:J130) -> 0 | K131: =SUM(K126:K130) -> 0 | ... N131: =SUM(N126:N130) -> 0
A132: 3 | B132: Change in NWC | D132: =IFERROR(Historicals!$N$162-D131,"") -> 0 | E132: =IFERROR(D131-E131,"") -> 0 | F132: =IFERROR(E131-F131,"") -> 0 | G132: =IFERROR(F131-G131,"") -> 0 | H132: =IFERROR(G131-H131,"") -> 0 | I132: =IFERROR(H131-I131,"") -> 0 | J132: =IFERROR(I131-J131,"") -> 0 | K132: =IFERROR(J131-K131,"") -> 0 | L132: =IFERROR(K131-L131,"") -> 0 | ... N132: =IFERROR(M131-N131,"") -> 0
B133: Source: FVA analysis

Sheet Combined
B1: ="("&curr&" "&Input!D8&")" -> (USD k) | C1: =Historicals!D15 -> FYTE | D1: =Historicals!E15 -> FYTE | E1: =Historicals!F15 -> FYTE | F1: =Historicals!G15 -> FYTE | G1: =Historicals!H15 -> FYTE | H1: =Historicals!I15 -> FYTE | I1: =Historicals!J15 -> FY21 | J1: =Historicals!K15 -> FY22 | ... M1: =Historicals!N15 -> FY25 | N1: 3-Year Average | O1: =Forecast!D16 -> FY26F | P1: =Forecast!E16 -> FY27F | Q1: =Forecast!F16 -> FY28F | R1: =Forecast!G16 -> FY29F | S1: =Forecast!H16 -> FY30F | T1: =Forecast!I16 -> FYTEF | U1: =Forecast!J16 -> FYTEF | V1: =Forecast!K16 -> FYTEF | ... Y1: =Forecast!N16 -> FYTEF | Z1: 5-Year CAGR
B2: ="Historical " & B43 -> Historical Revenue | C2: =Historicals!D16 -> 0 | D2: =Historicals!E16 -> 0 | E2: =Historicals!F16 -> 0 | F2: =Historicals!G16 -> 0 | G2: =Historicals!H16 -> 0 | H2: =Historicals!I16 -> 0 | I2: =Historicals!J16 -> 0 | J2: =Historicals!K16 -> 0 | ... M2: =Historicals!N16 -> 0
B3: ="Forecast " & B43 -> Forecast Revenue | O3: =Forecast!D17 -> 0 | P3: =Forecast!E17 -> 0 | Q3: =Forecast!F17 -> 0 | R3: =Forecast!G17 -> 0 | S3: =Forecast!H17 -> 0 | T3: =Forecast!I17 -> 0 | U3: =Forecast!J17 -> 0 | V3: =Forecast!K17 -> 0 | ... Y3: =Forecast!N17 -> 0 | Z3: =(S3/M2)^(1/5)-1 -> #DIV/0!
B4: =B43 & " YoY Growth %" -> Revenue YoY Growth % | C4: =Historicals!D51 | D4: =Historicals!E51 | E4: =Historicals!F51 | F4: =Historicals!G51 | G4: =Historicals!H51 | H4: =Historicals!I51 | I4: =Historicals!J51 | J4: =Historicals!K51 | ... N4: =Historicals!O51 | O4: =Forecast!D43 | P4: =Forecast!E43 | Q4: =Forecast!F43 | R4: =Forecast!G43 | S4: =Forecast!H43 | T4: =Forecast!I43 | U4: =Forecast!J43 | V4: =Forecast!K43 | ... Y4: =Forecast!N43
B5: ="Historical " & B44 -> Historical Gross Profit | C5: =Historicals!D23 -> 0 | D5: =Historicals!E23 -> 0 | E5: =Historicals!F23 -> 0 | F5: =Historicals!G23 -> 0 | G5: =Historicals!H23 -> 0 | H5: =Historicals!I23 -> 0 | I5: =Historicals!J23 -> 0 | J5: =Historicals!K23 -> 0 | ... M5: =Historicals!N23 -> 0
B6: ="Forecast " & B44 -> Forecast Gross Profit | O6: =Forecast!D24 -> 0 | P6: =Forecast!E24 -> 0 | Q6: =Forecast!F24 -> 0 | R6: =Forecast!G24 -> 0 | S6: =Forecast!H24 -> 0 | T6: =Forecast!I24 -> 0 | U6: =Forecast!J24 -> 0 | V6: =Forecast!K24 -> 0 | ... Y6: =Forecast!N24 -> 0 | Z6: =(S6/M5)^(1/5)-1 -> #DIV/0!
B7: =B44 & " Margin" -> Gross Profit Margin | C7: =Historicals!D61 | D7: =Historicals!E61 | E7: =Historicals!F61 | F7: =Historicals!G61 | G7: =Historicals!H61 | H7: =Historicals!I61 | I7: =Historicals!J61 | J7: =Historicals!K61 | ... N7: =Historicals!O61 | O7: =Forecast!D52 | P7: =Forecast!E52 | Q7: =Forecast!F52 | R7: =Forecast!G52 | S7: =Forecast!H52 | T7: =Forecast!I52 | U7: =Forecast!J52 | V7: =Forecast!K52 | ... Y7: =Forecast!N52
B8: ="Historical " & B45 -> Historical [Selling & marketing] | C8: =Historicals!D25 -> 0 | D8: =Historicals!E25 -> 0 | E8: =Historicals!F25 -> 0 | F8: =Historicals!G25 -> 0 | G8: =Historicals!H25 -> 0 | H8: =Historicals!I25 -> 0 | I8: =Historicals!J25 -> 0 | J8: =Historicals!K25 -> 0 | ... M8: =Historicals!N25 -> 0
B9: ="Forecast " & B45 -> Forecast [Selling & marketing] | O9: =Forecast!D26 -> 0 | P9: =Forecast!E26 -> 0 | Q9: =Forecast!F26 -> 0 | R9: =Forecast!G26 -> 0 | S9: =Forecast!H26 -> 0 | T9: =Forecast!I26 -> 0 | U9: =Forecast!J26 -> 0 | V9: =Forecast!K26 -> 0 | ... Y9: =Forecast!N26 -> 0 | Z9: =(S9/M8)^(1/5)-1 -> #DIV/0!
B10: =B45 & "as a % of revenue" -> [Selling & marketing] as a % of revenue | C10: =Historicals!D60 | D10: =Historicals!E60 | E10: =Historicals!F60 | F10: =Historicals!G60 | G10: =Historicals!H60 | H10: =Historicals!I60 | I10: =Historicals!J60 | J10: =Historicals!K60 | ... N10: =Historicals!O60 | O10: =Forecast!D51 | P10: =Forecast!E51 | Q10: =Forecast!F51 | R10: =Forecast!G51 | S10: =Forecast!H51 | T10: =Forecast!I51 | U10: =Forecast!J51 | V10: =Forecast!K51 | ... Y10: =Forecast!N51
B11: ="Historical " & B46 -> Historical [Salary & wages] | C11: =Historicals!D26 -> 0 | D11: =Historicals!E26 -> 0 | E11: =Historicals!F26 -> 0 | F11: =Historicals!G26 -> 0 | G11: =Historicals!H26 -> 0 | H11: =Historicals!I26 -> 0 | I11: =Historicals!J26 -> 0 | J11: =Historicals!K26 -> 0 | ... M11: =Historicals!N26 -> 0
B12: ="Forecast " & B46 -> Forecast [Salary & wages] | O12: =Forecast!D27 -> 0 | P12: =Forecast!E27 -> 0 | Q12: =Forecast!F27 -> 0 | R12: =Forecast!G27 -> 0 | S12: =Forecast!H27 -> 0 | T12: =Forecast!I27 -> 0 | U12: =Forecast!J27 -> 0 | V12: =Forecast!K27 -> 0 | ... Y12: =Forecast!N27 -> 0 | Z12: =(S12/M11)^(1/5)-1 -> #DIV/0!
B13: =B46 & " YoY Growth %" -> [Salary & wages] YoY Growth % | C13: =Historicals!D53 -> 0 | D13: =Historicals!E53 | E13: =Historicals!F53 | F13: =Historicals!G53 | G13: =Historicals!H53 | H13: =Historicals!I53 | I13: =Historicals!J53 | J13: =Historicals!K53 | ... N13: =Historicals!O53 | O13: =Forecast!D45 | P13: =Forecast!E45 | Q13: =Forecast!F45 | R13: =Forecast!G45 | S13: =Forecast!H45 | T13: =Forecast!I45 | U13: =Forecast!J45 | V13: =Forecast!K45 | ... Y13: =Forecast!N45
B14: ="Historical " & B47 -> Historical [General & Admin expenses] | C14: =Historicals!D27 -> 0 | D14: =Historicals!E27 -> 0 | E14: =Historicals!F27 -> 0 | F14: =Historicals!G27 -> 0 | G14: =Historicals!H27 -> 0 | H14: =Historicals!I27 -> 0 | I14: =Historicals!J27 -> 0 | J14: =Historicals!K27 -> 0 | ... M14: =Historicals!N27 -> 0
B15: ="Forecast " & B47 -> Forecast [General & Admin expenses] | O15: =Forecast!D28 -> 0 | P15: =Forecast!E28 -> 0 | Q15: =Forecast!F28 -> 0 | R15: =Forecast!G28 -> 0 | S15: =Forecast!H28 -> 0 | T15: =Forecast!I28 -> 0 | U15: =Forecast!J28 -> 0 | V15: =Forecast!K28 -> 0 | ... Y15: =Forecast!N28 -> 0 | Z15: =(S15/M14)^(1/5)-1 -> #DIV/0!
B16: =B47 & " YoY Growth %" -> [General & Admin expenses] YoY Growth % | C16: =Historicals!D54 -> 0 | D16: =Historicals!E54 | E16: =Historicals!F54 | F16: =Historicals!G54 | G16: =Historicals!H54 | H16: =Historicals!I54 | I16: =Historicals!J54 | J16: =Historicals!K54 | ... N16: =Historicals!O54 | O16: =Forecast!D46 | P16: =Forecast!E46 | Q16: =Forecast!F46 | R16: =Forecast!G46 | S16: =Forecast!H46 | T16: =Forecast!I46 | U16: =Forecast!J46 | V16: =Forecast!K46 | ... Y16: =Forecast!N46
B17: ="Historical " & B48 -> Historical [Other operating expenses 1] | C17: =Historicals!D28 -> 0 | D17: =Historicals!E28 -> 0 | E17: =Historicals!F28 -> 0 | F17: =Historicals!G28 -> 0 | G17: =Historicals!H28 -> 0 | H17: =Historicals!I28 -> 0 | I17: =Historicals!J28 -> 0 | J17: =Historicals!K28 -> 0 | ... M17: =Historicals!N28 -> 0
B18: ="Forecast " & B48 -> Forecast [Other operating expenses 1] | O18: =Forecast!D29 -> 0 | P18: =Forecast!E29 -> 0 | Q18: =Forecast!F29 -> 0 | R18: =Forecast!G29 -> 0 | S18: =Forecast!H29 -> 0 | T18: =Forecast!I29 -> 0 | U18: =Forecast!J29 -> 0 | V18: =Forecast!K29 -> 0 | ... Y18: =Forecast!N29 -> 0 | Z18: =(S18/M17)^(1/5)-1 -> #DIV/0!
B19: =B48 & " YoY Growth %" -> [Other operating expenses 1] YoY Growth % | C19: =Historicals!D55 -> 0 | D19: =Historicals!E55 | E19: =Historicals!F55 | F19: =Historicals!G55 | G19: =Historicals!H55 | H19: =Historicals!I55 | I19: =Historicals!J55 | J19: =Historicals!K55 | ... N19: =Historicals!O55 | O19: =Forecast!D47 | P19: =Forecast!E47 | Q19: =Forecast!F47 | R19: =Forecast!G47 | S19: =Forecast!H47 | T19: =Forecast!I47 | U19: =Forecast!J47 | V19: =Forecast!K47 | ... Y19: =Forecast!N47
B20: ="Historical " & B49 -> Historical [Other operating expenses 2] | C20: =Historicals!D29 -> 0 | D20: =Historicals!E29 -> 0 | E20: =Historicals!F29 -> 0 | F20: =Historicals!G29 -> 0 | G20: =Historicals!H29 -> 0 | H20: =Historicals!I29 -> 0 | I20: =Historicals!J29 -> 0 | J20: =Historicals!K29 -> 0 | ... M20: =Historicals!N29 -> 0
B21: ="Forecast " & B49 -> Forecast [Other operating expenses 2] | O21: =Forecast!D30 -> 0 | P21: =Forecast!E30 -> 0 | Q21: =Forecast!F30 -> 0 | R21: =Forecast!G30 -> 0 | S21: =Forecast!H30 -> 0 | T21: =Forecast!I30 -> 0 | U21: =Forecast!J30 -> 0 | V21: =Forecast!K30 -> 0 | ... Y21: =Forecast!N30 -> 0 | Z21: =(S21/M20)^(1/5)-1 -> #DIV/0!
B22: =B49 & " YoY Growth %" -> [Other operating expenses 2] YoY Growth % | C22: =Historicals!D56 -> 0 | D22: =Historicals!E56 | E22: =Historicals!F56 | F22: =Historicals!G56 | G22: =Historicals!H56 | H22: =Historicals!I56 | I22: =Historicals!J56 | J22: =Historicals!K56 | ... N22: =Historicals!O56 | O22: =Forecast!D48 | P22: =Forecast!E48 | Q22: =Forecast!F48 | R22: =Forecast!G48 | S22: =Forecast!H48 | T22: =Forecast!I48 | U22: =Forecast!J48 | V22: =Forecast!K48 | ... Y22: =Forecast!N48
B23: ="Historical " & B50 -> Historical EBITDA | C23: =Historicals!D34 -> 0 | D23: =Historicals!E34 -> 0 | E23: =Historicals!F34 -> 0 | F23: =Historicals!G34 -> 0 | G23: =Historicals!H34 -> 0 | H23: =Historicals!I34 -> 0 | I23: =Historicals!J34 -> 0 | J23: =Historicals!K34 -> 0 | ... M23: =Historicals!N34 -> 0
B24: ="Forecast " & B50 -> Forecast EBITDA | O24: =Forecast!D35 -> 0 | P24: =Forecast!E35 -> 0 | Q24: =Forecast!F35 -> 0 | R24: =Forecast!G35 -> 0 | S24: =Forecast!H35 -> 0 | T24: =Forecast!I35 -> 0 | U24: =Forecast!J35 -> 0 | V24: =Forecast!K35 -> 0 | ... Y24: =Forecast!N35 -> 0 | Z24: =(S24/M23)^(1/5)-1 -> #DIV/0!
B25: =B50 & " Margin" -> EBITDA Margin | C25: =Historicals!D63 | D25: =Historicals!E63 | E25: =Historicals!F63 | F25: =Historicals!G63 | G25: =Historicals!H63 | H25: =Historicals!I63 | I25: =Historicals!J63 | J25: =Historicals!K63 | ... M25: =Historicals!N63 | N25: =Historicals!O62 | O25: =Forecast!D54 | P25: =Forecast!E54 | Q25: =Forecast!F54 | R25: =Forecast!G54 | S25: =Forecast!H54 | T25: =Forecast!I54 | U25: =Forecast!J54 | V25: =Forecast!K54 | ... Y25: =Forecast!N54
B26: ="Historical " & B51 -> Historical Capital Expenditures | C26: =Historicals!D141 -> 0 | D26: =Historicals!E141 -> 0 | E26: =Historicals!F141 -> 0 | F26: =Historicals!G141 -> 0 | G26: =Historicals!H141 -> 0 | H26: =Historicals!I141 -> 0 | I26: =Historicals!J141 -> 0 | J26: =Historicals!K141 -> 0 | ... M26: =Historicals!N141 -> 0
B27: ="Forecast " & B51 -> Forecast Capital Expenditures | O27: =Forecast!D57 -> 0 | P27: =Forecast!E57 -> 0 | Q27: =Forecast!F57 -> 0 | R27: =Forecast!G57 -> 0 | S27: =Forecast!H57 -> 0 | T27: =Forecast!I57 -> 0 | U27: =Forecast!J57 -> 0 | V27: =Forecast!K57 -> 0 | ... Y27: =Forecast!N57 -> 0 | Z27: =(S27/M26)^(1/5)-1 -> #DIV/0!
B28: =B51 & " / Sales %" -> Capital Expenditures / Sales % | C28: =Historicals!D145 | D28: =Historicals!E145 | E28: =Historicals!F145 | F28: =Historicals!G145 | G28: =Historicals!H145 | H28: =Historicals!I145 | I28: =Historicals!J145 | J28: =Historicals!K145 | ... M28: =Historicals!N145 | N28: =Historicals!O154 | O28: =IFERROR(O27/O3,"") | P28: =IFERROR(P27/P3,"") | Q28: =IFERROR(Q27/Q3,"") | R28: =IFERROR(R27/R3,"") | S28: =IFERROR(S27/S3,"") | T28: =IFERROR(T27/T3,"") | U28: =IFERROR(U27/U3,"") | V28: =IFERROR(V27/V3,"") | ... Y28: =IFERROR(Y27/Y3,"")
B29: Fixed Asset Turnover ratio | C29: =Historicals!D211 | D29: =Historicals!E211 | E29: =Historicals!F211 | F29: =Historicals!G211 | G29: =Historicals!H211 | H29: =Historicals!I211 | I29: =Historicals!J211 | J29: =Historicals!K211 | ... N29: =Historicals!O211 | O29: =Forecast!D72 | P29: =Forecast!E72 | Q29: =Forecast!F72 | R29: =Forecast!G72 | S29: =Forecast!H72 | T29: =Forecast!I72 | U29: =Forecast!J72 | V29: =Forecast!K72 | ... Y29: =Forecast!N72
B30: ="Historical " & B52 -> Historical Net Working Capital | C30: =Historicals!D162 -> 0 | D30: =Historicals!E162 -> 0 | E30: =Historicals!F162 -> 0 | F30: =Historicals!G162 -> 0 | G30: =Historicals!H162 -> 0 | H30: =Historicals!I162 -> 0 | I30: =Historicals!J162 -> 0 | J30: =Historicals!K162 -> 0 | ... M30: =Historicals!N162 -> 0
B31: ="Forecast " & B52 -> Forecast Net Working Capital | O31: =Forecast!D100 -> 0 | P31: =Forecast!E100 -> 0 | Q31: =Forecast!F100 -> 0 | R31: =Forecast!G100 -> 0 | S31: =Forecast!H100 -> 0 | T31: =Forecast!I100 -> 0 | U31: =Forecast!J100 -> 0 | V31: =Forecast!K100 -> 0 | ... Y31: =Forecast!N100 -> 0 | Z31: =(S31/M30)^(1/5)-1 -> #DIV/0!
B32: =Historicals!B219 -> Collection period (days) | C32: =Historicals!D219 | D32: =Historicals!E219 | E32: =Historicals!F219 | F32: =Historicals!G219 | G32: =Historicals!H219 | H32: =Historicals!I219 | I32: =Historicals!J219 | J32: =Historicals!K219 | ... N32: =Historicals!O219 | O32: =Forecast!D105 | P32: =Forecast!E105 | Q32: =Forecast!F105 | R32: =Forecast!G105 | S32: =Forecast!H105 | T32: =Forecast!I105 | U32: =Forecast!J105 | V32: =Forecast!K105 | ... Y32: =Forecast!N105
B33: =Historicals!B220 -> Payment period (days) | C33: =Historicals!D220 | D33: =Historicals!E220 | E33: =Historicals!F220 | F33: =Historicals!G220 | G33: =Historicals!H220 | H33: =Historicals!I220 | I33: =Historicals!J220 | J33: =Historicals!K220 | ... N33: =Historicals!O220 | O33: =Forecast!D106 | P33: =Forecast!E106 | Q33: =Forecast!F106 | R33: =Forecast!G106 | S33: =Forecast!H106 | T33: =Forecast!I106 | U33: =Forecast!J106 | V33: =Forecast!K106 | ... Y33: =Forecast!N106
B34: =Historicals!B221 -> Inventory (days on hand) | C34: =Historicals!D221 | D34: =Historicals!E221 | E34: =Historicals!F221 | F34: =Historicals!G221 | G34: =Historicals!H221 | H34: =Historicals!I221 | I34: =Historicals!J221 | J34: =Historicals!K221 | ... N34: =Historicals!O221 | O34: =Forecast!D107 | P34: =Forecast!E107 | Q34: =Forecast!F107 | R34: =Forecast!G107 | S34: =Forecast!H107 | T34: =Forecast!I107 | U34: =Forecast!J107 | V34: =Forecast!K107 | ... Y34: =Forecast!N107
B35: =Historicals!B222 -> Cash conversion (days) | C35: =Historicals!D222 | D35: =Historicals!E222 | E35: =Historicals!F222 | F35: =Historicals!G222 | G35: =Historicals!H222 | H35: =Historicals!I222 | I35: =Historicals!J222 | J35: =Historicals!K222 | ... N35: =Historicals!O222 | O35: =IFERROR(O32+O34-O33,"") | P35: =IFERROR(P32+P34-P33,"") | Q35: =IFERROR(Q32+Q34-Q33,"") | R35: =IFERROR(R32+R34-R33,"") | S35: =IFERROR(S32+S34-S33,"") | T35: =IFERROR(T32+T34-T33,"") | U35: =IFERROR(U32+U34-U33,"") | V35: =IFERROR(V32+V34-V33,"") | ... Y35: =IFERROR(Y32+Y34-Y33,"")
B36: =Historicals!B225 & " as a % of revenue" -> Other current assets as a % of revenue | C36: =Historicals!D225 | D36: =Historicals!E225 | E36: =Historicals!F225 | F36: =Historicals!G225 | G36: =Historicals!H225 | H36: =Historicals!I225 | I36: =Historicals!J225 | J36: =Historicals!K225 | ... N36: =Historicals!O225 | O36: =Forecast!D111 | P36: =Forecast!E111 | Q36: =Forecast!F111 | R36: =Forecast!G111 | S36: =Forecast!H111 | T36: =Forecast!I111 | U36: =Forecast!J111 | V36: =Forecast!K111 | ... Y36: =Forecast!N111
B37: =Historicals!B226 & " as a % of revenue" -> Other current liabilities as a % of revenue | C37: =Historicals!D226 | D37: =Historicals!E226 | E37: =Historicals!F226 | F37: =Historicals!G226 | G37: =Historicals!H226 | H37: =Historicals!I226 | I37: =Historicals!J226 | J37: =Historicals!K226 | ... N37: =Historicals!O226 | O37: =Forecast!D112 | P37: =Forecast!E112 | Q37: =Forecast!F112 | R37: =Forecast!G112 | S37: =Forecast!H112 | T37: =Forecast!I112 | U37: =Forecast!J112 | V37: =Forecast!K112 | ... Y37: =Forecast!N112
B43: =Historicals!B16 -> Revenue
B44: =Historicals!B23 -> Gross Profit
B45: =Historicals!B25 -> [Selling & marketing]
B46: =Historicals!B26 -> [Salary & wages]
B47: =Historicals!B27 -> [General & Admin expenses]
B48: =Historicals!B28 -> [Other operating expenses 1]
B49: =Historicals!B29 -> [Other operating expenses 2]
B50: =Historicals!B34 -> EBITDA
B51: =Historicals!B139 -> Capital Expenditures
B52: =Historicals!B158 -> Net Working Capital

Sheet Comps
B1: Comparable Companies & Risk Free Rate | T1: EV/EBITDA Excl. Oper. Leases | U1: IQ_TEV_EBITDA_EXCL_OPER_LEASES | V1: IQ_LTM
T2: EV/EBITDA | U2: IQ_TEV_EBITDA | V2: IQ_LTM
B3: New CapIQ Model | T3: 1YR Forward EV/EBITDA | U3: IQ_TEV_EBITDA_FWD | V3: IQ_NTM
C4: =C5 -> 46022 | E4: Multiple | F4: EV/EBITDA | I4: Change this field if EV/EBITDA is N.A | T4: EV/EBIT | U4: IQ_TEV_EBIT | V4: IQ_LTM
B5: Valuation Date | C5: =vd -> 46022 | E5: Interval (yrs) | F5: 5Y | I5: =VLOOKUP($F$4,$T$1:$V$7,2,0) -> IQ_TEV_EBITDA | T5: 1YR Forward EV/EBIT | U5: IQ_TEV_EBIT_FWD | V5: IQ_NTM
B6: Currency | C6: =curr -> USD | E6: Period | F6: W | I6: =VLOOKUP($F$4,$T$1:$V$7,3,0) -> IQ_LTM | T6: EV/Revenue | U6: IQ_TEV_TOTAL_REV | V6: IQ_LTM
B7: Units | C7: mln | E7: Tax | F7: E | T7: 1YR Forward EV/Revenue | U7: IQ_TEV_TOTAL_REV_FWD | V7: IQ_NTM
C8: =IF($C$7="mln",1,IF($C$7="bln",0.001,0.000001)) -> 1
B9: COMPARABLE COMPANY ANALYSIS
B10: Target Name | D10: Target's Business Description | E10: ="Market Cap"&CHAR(10)&"("&$C$6&" '"&LEFT(C7,1)&")" -> Market Cap (USD 'm) | F10: EBIT margin (%) | G10: 5 year sales CAGR (%) | H10: =$F$4&" multiple" -> EV/EBITDA multiple | I10: D/E (%) | J10: Unlevered Beta | K10: Adjusted Beta | L10: Tax rate | M10: Statutory Tax | N10: ="Total Debt"&CHAR(10)&"("&$C$6&" '"&LEFT(C7,1)&")" -> Total Debt (USD 'm) | O10: Exchange | P10: Country | Q10: Latest FY End
B12: Name | C12: Ticker | D12: Description | E12: Market Cap | F12: EBIT margin | G12: CAGR | H12: Selected Multiple | I12: DE ratio | J12: Unlv.beta | K12: Adj Beta | L12: Tax rate | M12: Stat Tax rate | N12: Total debt | O12: Exchange | P12: Country
A13: 1 | B13: Netflix, Inc. | C13: NasdaqGS:NFLX | D13: Netflix, Inc. provides entertainment services worldwide. The company offers television (TV) series, documentaries, feature films, games, and live programming across various genres and languages. It also provides members the ability to receive streaming content through a host of internet-connected devices, including TVs, digital video players, TV set-top boxes, and mobile devices. Netflix, Inc. was incorporated in 1997 and is headquartered in Los Gatos, California. | E13: 397291.44 | F13: 0.294947 | G13: =IF(Comps[[#This Row],[Ticker]]="","",'Comps Financials'!O9) -> 0.095090843 | H13: 29.66079 | I13: =IF(Comps[[#This Row],[Ticker]]="","",IFERROR(Comps[[#This Row],[Total debt]]/Comps[[#This Row],[Market Cap]],"NA")) -> 0.042728928 | J13: =IFERROR(Comps[[#This Row],[Adj Beta]]/(1+((1-Comps[[#This Row],[Tax rate]])*Comps[[#This Row],[DE ratio]])),"NA") -> 1.3755779 | K13: 1.42631 | L13: 0.136871 | N13: 16975.837 | O13: NasdaqGS | P13: United States | Q13: 46022
A14: 2 | B14: Spotify Technology S.A. | C14: NYSE:SPOT | D14: Spotify Technology S.A., together with its subsidiaries, provides audio streaming subscription services worldwide. It operates in two segments, Premium and Ad-Supported. The Premium segment offers online and offline streaming access to its catalog of music and podcasts, including video, lossless music, and audiobooks in select markets through subscription offerings primarily sold directly to end users and partners. The Ad-Supported segment provides limited on-demand online access to its catalog of music and online and offline access to its catalog of podcasts on computers, tablets, mobile devices, and other smart devices. The company also offers sales, distribution and marketing, contract research and development, and customer and other support services. Spotify Technology S.A. was incorporated in 2006 and is headquartered in Stockholm, Sweden. | E14: 119674.87 | F14: 0.127894 | G14: =IF(Comps[[#This Row],[Ticker]]="","",'Comps Financials'!O10) -> 0.13851861 | H14: 46.52062 | I14: =IF(Comps[[#This Row],[Ticker]]="","",IFERROR(Comps[[#This Row],[Total debt]]/Comps[[#This Row],[Market Cap]],"NA")) -> 0.019190188 | J14: =IFERROR(Comps[[#This Row],[Adj Beta]]/(1+((1-Comps[[#This Row],[Tax rate]])*Comps[[#This Row],[DE ratio]])),"NA") -> 1.3941111 | K14: 1.42072 | L14: 0.005395 | N14: 2296.5833 | O14: NYSE | P14: Sweden
A15: 3 | B15: Roku, Inc. | C15: NasdaqGS:ROKU | D15: Roku, Inc., together with its subsidiaries, operates a TV streaming platform in the United States and internationally. The company operates in two segments, Platform and Devices. Its streaming platform allows users to find and access TV shows, movies, news, sports, and others, as well as offers digital advertising services. The company also sells streaming players, Roku-branded TVs, smart home products and services, audio products, and related accessories. Roku, Inc. was incorporated in 2002 and is headquartered in San Jose, California. | E15: 16029.59 | F15: -5.4e-05 | G15: =IF(Comps[[#This Row],[Ticker]]="","",'Comps Financials'!O11) -> 0.14157921 | H15: 57.01214 | I15: =IF(Comps[[#This Row],[Ticker]]="","",IFERROR(Comps[[#This Row],[Total debt]]/Comps[[#This Row],[Market Cap]],"NA")) -> 0.032647373 | J15: =IFERROR(Comps[[#This Row],[Adj Beta]]/(1+((1-Comps[[#This Row],[Tax rate]])*Comps[[#This Row],[DE ratio]])),"NA") -> 2.2946629 | K15: 2.36516 | L15: 0.058968 | N15: 523.324 | O15: NasdaqGS | P15: United States | Q15: 46022
A16: 4 | B16: Iqiyi, Inc. | C16: NasdaqGS:IQ | D16: iQIYI, Inc. provides online entertainment video services in the People’s Republic of China. The company operates a platform that provides a collection of internet video content, such as professionally produced content licensed from professional content providers and self-produced content. It also engages in the production, aggregation, and distribution of online long-form videos, micro dramas, micro animations, micro variety shows, edited video clips, and video blogs; and provision of experience services, online mobile games, comics, and others. In addition, the company provides membership, online brand and performance-based advertising, and content distribution services. Further, it is involved in the talent agency and IP licensing activities. The company was formerly known as Qiyi.com, Inc. and changed its name to iQIYI, Inc. in November 2017. The company was incorporated in 2009 and is based in Beijing, the People’s Republic of China. iQIYI, Inc. is a subsidiary of Baidu Holdings Limited. | E16: 1848.881 | F16: 0.008402 | G16: =IF(Comps[[#This Row],[Ticker]]="","",'Comps Financials'!O12) -> -0.059290149 | H16: 2.73718 | I16: =IF(Comps[[#This Row],[Ticker]]="","",IFERROR(Comps[[#This Row],[Total debt]]/Comps[[#This Row],[Market Cap]],"NA")) -> 1.178945 | J16: =IFERROR(Comps[[#This Row],[Adj Beta]]/(1+((1-Comps[[#This Row],[Tax rate]])*Comps[[#This Row],[DE ratio]])),"NA") -> NA | K16: 0.93 | L16: NA | N16: 2179.7289 | O16: NasdaqGS | P16: China | Q16: 46022
A17: 5 | B17: Bilibili Inc. | C17: NasdaqGS:BILI | D17: Bilibili Inc. provides online entertainment services for the young generations in the People’s Republic of China. It offers a range of digital content, including professional user generated videos (PUGV), mobile games, and value-added services, such as live broadcasting, occupationally generated videos, audio drama on Maoer, comics on Bilibili Comic, PUGV content in fan charging program and premium courses, and Bilibili premium courses and community-based avatar decoration. The company also provides advertising services; and IP derivatives and other services. In addition, it engages in the business and technology development activities; e-commerce business; and video, comics, and game distribution activities. Bilibili Inc. was founded in 2009 and is headquartered in Shanghai, the People's Republic of China. | E17: 10174.467 | F17: 0.037052 | G17: =IF(Comps[[#This Row],[Ticker]]="","",'Comps Financials'!O13) -> 0.064054184 | H17: 19.77912 | I17: =IF(Comps[[#This Row],[Ticker]]="","",IFERROR(Comps[[#This Row],[Total debt]]/Comps[[#This Row],[Market Cap]],"NA")) -> 0.13798873 | J17: =IFERROR(Comps[[#This Row],[Adj Beta]]/(1+((1-Comps[[#This Row],[Tax rate]])*Comps[[#This Row],[DE ratio]])),"NA") -> 1.0603852 | K17: 1.20463 | L17: 0.014191 | N17: 1403.9617 | O17: NasdaqGS | P17: China | Q17: 46022
A18: 6 | B18: The Walt Disney Company | C18: NYSE:DIS | D18: The Walt Disney Company operates as an entertainment company in Americas, Europe, and the Asia Pacific. It operates in three segments: Entertainment, Sports, and Experiences. The company produces and distributes film and television content under the ABC Television Network, Disney, Freeform, FX, Fox, National Geographic, and Star brand television channels, as well as ABC television stations and A+E television networks; and produces original content under the Disney Branded Television, FX Productions, Lucasfilm, Marvel, National Geographic Studios, Pixar, Searchlight Pictures, Twentieth Century Studios, 20th Television, and Walt Disney Pictures banners. It also provides direct-to-consumer streaming services through Disney+, Disney+ Hotstar, and Hulu; sports-related video streaming content through ESPN, ESPN on ABC, ESPN+ DTC, and Star; sale/licensing of film and episodic content to television and video-on-demand services; theatrical, home entertainment, and music distribution services; DVD and Blu-ray discs, electronic home video licenses, and VOD rental services; staging and licensing of live entertainment events; and post-production services. In addition, the company operates theme parks and resorts, such as Walt Disney World Resort, Disneyland Resort, Disneyland Paris, Hong Kong Disneyland Resort, Shanghai Disney Resort, Disney Cruise Line, Disney Vacation Club, National Geographic Expeditions, and Adventures by Disney, as well as Aulani, a Disney resort and spa in Hawaii. Further, it licenses its intellectual property (IP) to a third party that owns and operates Tokyo Disney Resort; licenses trade names, characters, visual, literary, and other IP for use on merchandise, published materials, and games; operates a direct-to-home satellite distribution platform; sells branded merchandise through retail, online, and wholesale businesses; and develops and publishes books, comic books, and magazines. The company was founded in 1923 and is based in Burbank, California. | E18: 203112.31 | F18: 0.14925 | G18: =IF(Comps[[#This Row],[Ticker]]="","",'Comps Financials'!O14) -> 0.10661103 | H18: 11.78183 | I18: =IF(Comps[[#This Row],[Ticker]]="","",IFERROR(Comps[[#This Row],[Total debt]]/Comps[[#This Row],[Market Cap]],"NA")) -> 0.22962665 | J18: =IFERROR(Comps[[#This Row],[Adj Beta]]/(1+((1-Comps[[#This Row],[Tax rate]])*Comps[[#This Row],[DE ratio]])),"NA") -> NA | K18: 1.02795 | L18: NA | N18: 46640 | O18: NYSE | P18: United States | Q18: 45927
A19: 7 | B19: Warner Bros. Discovery, Inc. | C19: NasdaqGS:WBD | D19: Warner Bros. Discovery, Inc. operates as a media and entertainment company worldwide. It operates through three segments: Streaming, Studios, and Global Linear Networks. The Streaming segment offers streaming services, such as HBO Max and discovery+, and premium pay-TV services, including HBO and certain premium sports streaming products for mobile and connected TV devices. The Studios segment is involved in the production and release of feature films for initial exhibition in theaters, production and initial licensing of television programs to third parties and its networks/streaming services. This segment also distributes films and television programs to various third-party and internal television, streaming services, and physical and digital home entertainment markets; related consumer products and themed experience licensing; and publishes, develops, licenses, and distributes content for the interactive space in platforms, including console, handheld, mobile, and PC-based gaming for both internal and third-party game titles. The Global Linear Networks segment provides general and lifestyle entertainment networks, news networks; and hosts international media networks and global sports networks. In addition, the company offers a portfolio of content and products for television, film, streaming, interactive gaming, publishing, themed experiences, and consumer products under the Discovery Channel, HBO Max, CNN, DC Studios, TNT Sports, HBO, Food Network, TLC, TBS, Warner Bros. Motion Picture Group, Warner Bros. Television Group, Warner Bros. Games, Adult Swim, Turner Classic Movies, and other brands. Warner Bros. Discovery, Inc. was incorporated in 2008 and is headquartered in New York, New York. | E19: 71458.806 | F19: 0.044991 | G19: =IF(Comps[[#This Row],[Ticker]]="","",'Comps Financials'!O15) -> 0.47750312 | H19: 12.45916 | I19: =IF(Comps[[#This Row],[Ticker]]="","",IFERROR(Comps[[#This Row],[Total debt]]/Comps[[#This Row],[Market Cap]],"NA")) -> 0.51443624 | J19: =IFERROR(Comps[[#This Row],[Adj Beta]]/(1+((1-Comps[[#This Row],[Tax rate]])*Comps[[#This Row],[DE ratio]])),"NA") -> 0.98298897 | K19: 1.21408 | L19: 0.543014 | N19: 36761 | O19: NasdaqGS | P19: United States | Q19: 46022
A20: 8 | B20: Paramount Skydance Corporation | C20: NasdaqGS:PSKY | D20: Paramount Skydance Corporation operates as a media and entertainment company worldwide. It operates in three segments: Studios, Direct-to-Consumer, and TV Media. The company operates CBS Television Network, a domestic broadcast television network; CBS Stations, a television station; international free-to-air networks comprising Network 10, Channel 5, Telefe, and Chilevisión; and domestic premium and basic cable networks, such as Nickelodeon, MTV, CMT, Comedy Central, BET, Paramount+ with SHOWTIME, Paramount Network, The Smithsonian Channel, BET Media Group, CBS Sports Network, and international extensions of these brands. It also provides domestic and international television studio operations, including CBS Studios, Paramount Television Studios, and Showtime; CBS Media Ventures, which produces and distributes first-run syndicated programming; and digital properties consist of CBS News and CBS Sports HQ. In addition, the company offers a portfolio of domestic and international pay and free streaming services, including Paramount+, Pluto TV, and BET+. Further, it produces and acquires films, series, and short-form content for release and licensing worldwide, including in theaters, on streaming services, on television, through home entertainment, and DVDs, Blu-ray; and operates a portfolio consisting of Paramount Pictures, Paramount Players, Paramount Animation, Nickelodeon Studio, and Miramax. It provides production, distribution, and advertising solutions. The company was founded in 1914 and is headquartered in New York, New York. | E20: 14706.501 | F20: 0.065314 | G20: =IF(Comps[[#This Row],[Ticker]]="","",'Comps Financials'!O16) -> 0.0072584586 | H20: 11.41535 | I20: =IF(Comps[[#This Row],[Ticker]]="","",IFERROR(Comps[[#This Row],[Total debt]]/Comps[[#This Row],[Market Cap]],"NA")) -> 1.0262128 | J20: =IFERROR(Comps[[#This Row],[Adj Beta]]/(1+((1-Comps[[#This Row],[Tax rate]])*Comps[[#This Row],[DE ratio]])),"NA") -> NA | K20: 1.049 | L20: NA | N20: 15092 | O20: NasdaqGS | P20: United States | Q20: 46022
A21: 9 | B21: Comcast Corporation | C21: NasdaqGS:CMCSA | D21: Comcast Corporation operates as a media and technology company worldwide. The company operates through Residential Connectivity & Platforms, Business Services Connectivity, Media, Studios, and Theme Parks segments. Its Residential Connectivity & Platforms segment provides residential broadband and wireless connectivity services, residential and business video services, sky-branded entertainment television networks, and advertising. The Business Services Connectivity segment offers connectivity services for small business locations, which include broadband, wireline voice, and wireless services; and ethernet network services for medium-sized customers and larger enterprises. Its Media segment operates NBCUniversal’s national and regional cable networks; the NBC and Telemundo broadcast networks and owned local broadcast television stations; and Peacock, a direct-to-consumer streaming services. The company also operates international television networks comprising the Sky Sports networks, as well as other digital properties. Its Studios segment operates NBCUniversal and Sky film and television studio production and distribution operations. The Theme Parks segment operates Universal theme parks in Orlando, Florida; Hollywood, California; Osaka, Japan; and Beijing, China. It also offers a consolidated streaming platforms under the Philadelphia Flyers and the Xfinity Mobile Arena in Philadelphia, Pennsylvania; and Xumo. Comcast Corporation was founded in 1963 and is headquartered in Philadelphia, Pennsylvania. | E21: 108916.01 | F21: 0.167088 | G21: =IF(Comps[[#This Row],[Ticker]]="","",'Comps Financials'!O17) -> 0.020611609 | H21: 5.15018 | I21: =IF(Comps[[#This Row],[Ticker]]="","",IFERROR(Comps[[#This Row],[Total debt]]/Comps[[#This Row],[Market Cap]],"NA")) -> 0.96434861 | J21: =IFERROR(Comps[[#This Row],[Adj Beta]]/(1+((1-Comps[[#This Row],[Tax rate]])*Comps[[#This Row],[DE ratio]])),"NA") -> 0.35571677 | K21: 0.61746 | L21: 0.236978 | N21: 105033 | O21: NasdaqGS | P21: United States | Q21: 46022
A22: 10 | G22: =IF(Comps[[#This Row],[Ticker]]="","",'Comps Financials'!O18) | I22: =IF(Comps[[#This Row],[Ticker]]="","",IFERROR(Comps[[#This Row],[Total debt]]/Comps[[#This Row],[Market Cap]],"NA")) | J22: =IFERROR(Comps[[#This Row],[Adj Beta]]/(1+((1-Comps[[#This Row],[Tax rate]])*Comps[[#This Row],[DE ratio]])),"NA") -> NA
A23: 11 | G23: =IF(Comps[[#This Row],[Ticker]]="","",'Comps Financials'!O19) | I23: =IF(Comps[[#This Row],[Ticker]]="","",IFERROR(Comps[[#This Row],[Total debt]]/Comps[[#This Row],[Market Cap]],"NA")) | J23: =IFERROR(Comps[[#This Row],[Adj Beta]]/(1+((1-Comps[[#This Row],[Tax rate]])*Comps[[#This Row],[DE ratio]])),"NA") -> NA
A24: 12 | G24: =IF(Comps[[#This Row],[Ticker]]="","",'Comps Financials'!O20) | I24: =IF(Comps[[#This Row],[Ticker]]="","",IFERROR(Comps[[#This Row],[Total debt]]/Comps[[#This Row],[Market Cap]],"NA")) | J24: =IFERROR(Comps[[#This Row],[Adj Beta]]/(1+((1-Comps[[#This Row],[Tax rate]])*Comps[[#This Row],[DE ratio]])),"NA") -> NA
A25: 13 | G25: =IF(Comps[[#This Row],[Ticker]]="","",'Comps Financials'!O21) | I25: =IF(Comps[[#This Row],[Ticker]]="","",IFERROR(Comps[[#This Row],[Total debt]]/Comps[[#This Row],[Market Cap]],"NA")) | J25: =IFERROR(Comps[[#This Row],[Adj Beta]]/(1+((1-Comps[[#This Row],[Tax rate]])*Comps[[#This Row],[DE ratio]])),"NA") -> NA
A26: 14 | G26: =IF(Comps[[#This Row],[Ticker]]="","",'Comps Financials'!O22) | I26: =IF(Comps[[#This Row],[Ticker]]="","",IFERROR(Comps[[#This Row],[Total debt]]/Comps[[#This Row],[Market Cap]],"NA")) | J26: =IFERROR(Comps[[#This Row],[Adj Beta]]/(1+((1-Comps[[#This Row],[Tax rate]])*Comps[[#This Row],[DE ratio]])),"NA") -> NA
A27: 15 | G27: =IF(Comps[[#This Row],[Ticker]]="","",'Comps Financials'!O23) | I27: =IF(Comps[[#This Row],[Ticker]]="","",IFERROR(Comps[[#This Row],[Total debt]]/Comps[[#This Row],[Market Cap]],"NA")) | J27: =IFERROR(Comps[[#This Row],[Adj Beta]]/(1+((1-Comps[[#This Row],[Tax rate]])*Comps[[#This Row],[DE ratio]])),"NA") -> NA
B28: Source: CIQ & FVA's computations | D28: Max | E28: =MAX(Comps[Market Cap]) -> 397291.44 | F28: =MAX(Comps[EBIT margin]) -> 0.294947 | G28: =MAX(Comps[CAGR]) -> 0.47750312 | H28: =MAX(Comps[Selected Multiple]) -> 57.01214 | I28: =MAX(Comps[DE ratio]) -> 1.178945 | J28: =MAX(Comps[Unlv.beta]) -> 2.2946629 | K28: =MAX(Comps[Adj Beta]) -> 2.36516
D29: Median | E29: =IFERROR(MEDIAN(Comps[Market Cap]),"NA") -> 71458.806 | F29: =IFERROR(MEDIAN(Comps[EBIT margin]),"NA") -> 0.065314 | G29: =IF(MEDIAN(Comps[CAGR]),"NA") -> NA | H29: =IFERROR(MEDIAN(Comps[Selected Multiple]),"NA") -> 12.45916 | I29: =IFERROR(MEDIAN(Comps[DE ratio]),"NA") -> 0.22962665 | J29: =IFERROR(MEDIAN(Comps[Unlv.beta]),"NA") -> 1.2179816 | K29: =MEDIAN(Comps[Adj Beta]) -> 1.20463
B30: Note: | D30: Min | E30: =MIN(Comps[Market Cap]) -> 1848.881 | F30: =MIN(Comps[EBIT margin]) -> -5.4e-05 | G30: =MIN(Comps[CAGR]) -> -0.059290149 | H30: =MIN(Comps[Selected Multiple]) -> 2.73718 | I30: =MIN(Comps[DE ratio]) -> 0.019190188 | J30: =MIN(Comps[Unlv.beta]) -> 0.35571677 | K30: =MIN(Comps[Adj Beta]) -> 0.61746
B31: n.m: not meaningful. The slope coefficient is not statistically significant.
B42: Risk free rate
C44: Risk free rate
C45: AAA-rated | D45: Bond ID | E45: Rate
C46: Australia | D46: IQ50027527 | E46: 0.04738
C47: Canada | D47: IQ50027537 | E47: 0.0353
C48: Denmark | D48: IQ136585876 | E48: 0.02753
C49: Germany | D49: IQ50027534 | E49: 0.02961
C50: Netherlands | D50: IQ50027561 | E50: 0.03098
C51: Singapore | D51: IQ136585832 | E51: 0.0222496
C52: Sweden | D52: IQ50027572 | E52: 0.02752
C53: Switzerland | D53: IQ50027576 | E53: 0.00317
C54: United States | D54: %TCMSY10 | E54: 0.0418
B56: Credit spread (new CapIQ Model)
A57: Sector >> | B57: All Corporates | C57: Curve Method >> | D57: Annual | E57: =VLOOKUP($D$57,$Y$58:$Z$60,2,0) -> _ANNUAL | U57: Ratings | V57: Sector Name | W57: Sector Code | Y57: Methods | Z57: Metric | AB57: Tenor
B58: =VLOOKUP($B$57,$V$58:$W$70,2) -> AllCorp | C58: Yield to maturity and credit spread on US corporate bonds | U58: AAA | V58: All Corporates | W58: AllCorp | Y58: Continuous | Z58: _CONTINUOUS | AB58: 1
A59: Tenor | B59: Investment rating | C59: Bond ID | D59: Description | E59: Yield | F59: Spread | U59: AA | V59: Consumer Discretionary | W59: ConsumerDiscretionary | Y59: Semi Annual | Z59: _SEMIANNUAL | AB59: 2
A60: 10 | B60: AAA | C60: USD | D60: =IF(OR($C60="",$B60="",$A60=""),"",$C60&" "&$B60&" "&$A60&"Y") -> USD AAA 10Y | E60: 0.04673 | F60: =IF(OR($C60="",$B60="",$A60=""),"",E60-$E$54) -> 0.00493 | U60: A | V60: Consumer Staples | W60: ConsumerStaples | Y60: Annual | Z60: _ANNUAL | AB60: 3
A61: 10 | B61: AA | C61: USD | D61: =IF(OR($C61="",$B61="",$A61=""),"",$C61&" "&$B61&" "&$A61&"Y") -> USD AA 10Y | E61: 0.05013 | F61: =IF(OR($C61="",$B61="",$A61=""),"",E61-$E$54) -> 0.00833 | U61: BBB | V61: Energy | W61: Energy | AB61: 4
A62: 10 | B62: A | C62: USD | D62: =IF(OR($C62="",$B62="",$A62=""),"",$C62&" "&$B62&" "&$A62&"Y") -> USD A 10Y | E62: 0.05194 | F62: =IF(OR($C62="",$B62="",$A62=""),"",E62-$E$54) -> 0.01014 | U62: BB | V62: Financials | W62: Financials | AB62: 5
A63: 10 | B63: BBB | C63: USD | D63: =IF(OR($C63="",$B63="",$A63=""),"",$C63&" "&$B63&" "&$A63&"Y") -> USD BBB 10Y | E63: 0.05445 | F63: =IF(OR($C63="",$B63="",$A63=""),"",E63-$E$54) -> 0.01265 | U63: B | V63: Health Care | W63: Healthcare | AB63: 6
A64: 10 | B64: BB | C64: USD | D64: =IF(OR($C64="",$B64="",$A64=""),"",$C64&" "&$B64&" "&$A64&"Y") -> USD BB 10Y | E64: 0.06381 | F64: =IF(OR($C64="",$B64="",$A64=""),"",E64-$E$54) -> 0.02201 | U64: CCC | V64: Industrials | W64: Industrials | AB64: 7
A65: 10 | B65: B | C65: USD | D65: =IF(OR($C65="",$B65="",$A65=""),"",$C65&" "&$B65&" "&$A65&"Y") -> USD B 10Y | E65: 0.07619 | F65: =IF(OR($C65="",$B65="",$A65=""),"",E65-$E$54) -> 0.03439 | U65: IG | V65: Information Technology | W65: InformationTechnology | AB65: 8
A66: 10 | B66: IG | C66: USD | D66: =IF(OR($C66="",$B66="",$A66=""),"",$C66&" "&$B66&" "&$A66&"Y") -> USD IG 10Y | E66: 0.05319 | F66: =IF(OR($C66="",$B66="",$A66=""),"",E66-$E$54) -> 0.01139 | U66: HY | V66: Materials | W66: Materials | AB66: 9
V67: Non Financials | W67: NonFin | AB67: 10
V68: Real Estate | W68: RealEstate | AB68: 11
V69: Communication Services | W69: TelecommunicationServices | AB69: 12
V70: Utilities | W70: Utilities | AB70: 13
AB71: 14
AB72: 15
AB73: 16
AB74: 17
AB75: 18
AB76: 19
AB77: 20
AB78: 21
AB79: 22
AB80: 23
AB81: 24
AB82: 25
... AB87: 30

Sheet Comps Financials
B1: Comps Historical Financials
K2: Units | L2: mln
L3: =IF($L$2="mln",1,IF($L$2="bln",0.001,0.000001)) -> 1
B7: Revenue
B8: ="("&curr&" "&LEFT($L$2,1)&")" -> (USD m) | C8: Ticker | D8: ="FY"&YEAR(C0!D16) -> FY2015 | E8: ="FY"&YEAR(C0!E16) -> FY2016 | F8: ="FY"&YEAR(C0!F16) -> FY2017 | G8: ="FY"&YEAR(C0!G16) -> FY2018 | H8: ="FY"&YEAR(C0!H16) -> FY2019 | I8: ="FY"&YEAR(C0!I16) -> FY2020 | J8: ="FY"&YEAR(C0!J16) -> FY2021 | K8: ="FY"&YEAR(C0!K16) -> FY2022 | ... N8: ="FY"&YEAR(C0!N16) -> FY2025 | O8: 3 year CAGR
B9: =IF($C9="","",IFERROR('Comps'!B13,"DELETE")) -> Netflix, Inc. | C9: =IF('Comps'!C13="","",'Comps'!C13) -> NasdaqGS:NFLX | D9: 6779.511 | E9: 8830.669 | F9: 11692.713 | G9: 15794.341 | H9: 20156.447 | I9: 24996.056 | J9: 29697.844 | K9: 31615.55 | L9: 33723.297 | M9: 39000.966 | N9: 0 | O9: =IF($C9="","",IFERROR((M9/J9)^(1/COUNT(K9:M9))-1,"NA")) -> 0.095090843
B10: =IF($C10="","",IFERROR('Comps'!B14,"DELETE")) -> Spotify Technology S.A. | C10: =IF('Comps'!C14="","",'Comps'!C14) -> NYSE:SPOT | D10: 2107.4358 | E10: 3116.2251 | F10: 4911.1431 | G10: 6021.2961 | H10: 7590.6183 | I10: 9639.1437 | J10: 10995.11 | K10: 12532.863 | L10: 14642.423 | M10: 16226.317 | N10: 0 | O10: =IF($C10="","",IFERROR((M10/J10)^(1/COUNT(K10:M10))-1,"NA")) -> 0.13851861
B11: =IF($C11="","",IFERROR('Comps'!B15,"DELETE")) -> Roku, Inc. | C11: =IF('Comps'!C15="","",'Comps'!C15) -> NasdaqGS:ROKU | D11: 319.857 | E11: 398.649 | F11: 512.763 | G11: 742.506 | H11: 1128.921 | I11: 1778.388 | J11: 2764.584 | K11: 3126.534 | L11: 3484.619 | M11: 4112.898 | N11: 0 | O11: =IF($C11="","",IFERROR((M11/J11)^(1/COUNT(K11:M11))-1,"NA")) -> 0.14157921
B12: =IF($C12="","",IFERROR('Comps'!B16,"DELETE")) -> Iqiyi, Inc. | C12: =IF('Comps'!C16="","",'Comps'!C16) -> NasdaqGS:IQ | D12: 819.18891 | E12: 1618.43 | F12: 2670.8393 | G12: 3633.3536 | H12: 4164.0204 | I12: 4550.3194 | J12: 4809.7407 | K12: 4204.2492 | L12: 4494.8668 | M12: 4003.9509 | N12: 0 | O12: =IF($C12="","",IFERROR((M12/J12)^(1/COUNT(K12:M12))-1,"NA")) -> -0.059290149
B13: =IF($C13="","",IFERROR('Comps'!B17,"DELETE")) -> Bilibili Inc. | C13: =IF('Comps'!C17="","",'Comps'!C17) -> NasdaqGS:BILI | D13: 20.17651 | E13: 75.36798 | F13: 379.37034 | G13: 600.33601 | H13: 973.43377 | I13: 1837.9095 | J13: 3051.2993 | K13: 3175.0808 | L13: 3177.0279 | M13: 3676.0046 | N13: 0 | O13: =IF($C13="","",IFERROR((M13/J13)^(1/COUNT(K13:M13))-1,"NA")) -> 0.064054184
B14: =IF($C14="","",IFERROR('Comps'!B18,"DELETE")) -> The Walt Disney Company | C14: =IF('Comps'!C18="","",'Comps'!C18) -> NYSE:DIS | D14: 52465 | E14: 55632 | F14: 55137 | G14: 59434 | H14: 69607 | I14: 65388 | J14: 67418 | K14: 82722 | L14: 88898 | M14: 91361 | N14: 94425 | O14: =IF($C14="","",IFERROR((M14/J14)^(1/COUNT(K14:M14))-1,"NA")) -> 0.10661103
B15: =IF($C15="","",IFERROR('Comps'!B19,"DELETE")) -> Warner Bros. Discovery, Inc. | C15: =IF('Comps'!C19="","",'Comps'!C19) -> NasdaqGS:WBD | D15: 6394 | E15: 6497 | F15: 6873 | G15: 10553 | H15: 11144 | I15: 10671 | J15: 12191 | K15: 33817 | L15: 41321 | M15: 39321 | N15: 0 | O15: =IF($C15="","",IFERROR((M15/J15)^(1/COUNT(K15:M15))-1,"NA")) -> 0.47750312
B16: =IF($C16="","",IFERROR('Comps'!B20,"DELETE")) -> Paramount Skydance Corporation | C16: =IF('Comps'!C20="","",'Comps'!C20) -> NasdaqGS:PSKY | D16: 12671 | E16: 13166 | F16: 26535 | G16: 26425 | H16: 26998 | I16: 25285 | J16: 28586 | K16: 30154 | L16: 29652 | M16: 29213 | N16: 0 | O16: =IF($C16="","",IFERROR((M16/J16)^(1/COUNT(K16:M16))-1,"NA")) -> 0.0072584586
B17: =IF($C17="","",IFERROR('Comps'!B21,"DELETE")) -> Comcast Corporation | C17: =IF('Comps'!C21="","",'Comps'!C21) -> NasdaqGS:CMCSA | D17: 74510 | E17: 80736 | F17: 85029 | G17: 94507 | H17: 108942 | I17: 103564 | J17: 116385 | K17: 121427 | L17: 121572 | M17: 123731 | N17: 0 | O17: =IF($C17="","",IFERROR((M17/J17)^(1/COUNT(K17:M17))-1,"NA")) -> 0.020611609
B18: =IF($C18="","",IFERROR('Comps'!B22,"DELETE")) | C18: =IF('Comps'!C22="","",'Comps'!C22) | O18: =IF($C18="","",IFERROR((M18/J18)^(1/COUNT(K18:M18))-1,"NA"))
B19: =IF($C19="","",IFERROR('Comps'!B23,"DELETE")) | C19: =IF('Comps'!C23="","",'Comps'!C23) | O19: =IF($C19="","",IFERROR((M19/J19)^(1/COUNT(K19:M19))-1,"NA"))
B20: =IF($C20="","",IFERROR('Comps'!B24,"DELETE")) | C20: =IF('Comps'!C24="","",'Comps'!C24) | O20: =IF($C20="","",IFERROR((M20/J20)^(1/COUNT(K20:M20))-1,"NA"))
B21: =IF($C21="","",IFERROR('Comps'!B25,"DELETE")) | C21: =IF('Comps'!C25="","",'Comps'!C25) | O21: =IF($C21="","",IFERROR((M21/J21)^(1/COUNT(K21:M21))-1,"NA"))
B22: =IF($C22="","",IFERROR('Comps'!B26,"DELETE")) | C22: =IF('Comps'!C26="","",'Comps'!C26) | O22: =IF($C22="","",IFERROR((M22/J22)^(1/COUNT(K22:M22))-1,"NA"))
B23: =IF($C23="","",IFERROR('Comps'!B27,"DELETE")) | C23: =IF('Comps'!C27="","",'Comps'!C27) | O23: =IF($C23="","",IFERROR((M23/J23)^(1/COUNT(K23:M23))-1,"NA"))
B25: Source: CIQ
B27: Gross Profit
B28: ="("&curr&" "&LEFT($L$2,1)&")" -> (USD m) | C28: Ticker | D28: =D$8 -> FY2015 | E28: =E$8 -> FY2016 | F28: =F$8 -> FY2017 | G28: =G$8 -> FY2018 | H28: =H$8 -> FY2019 | I28: =I$8 -> FY2020 | J28: =J$8 -> FY2021 | K28: =K$8 -> FY2022 | ... N28: =N$8 -> FY2025
B29: =IF($C29="","",IFERROR('Comps'!B13,"DELETE")) -> Netflix, Inc. | C29: =IF('Comps'!C13="","",'Comps'!C13) -> NasdaqGS:NFLX | D29: 2188.035 | E29: 2573.207 | F29: 3659.713 | G29: 5826.803 | H29: 7716.234 | I29: 9719.737 | J29: 12365.161 | K29: 12447.265 | L29: 14007.929 | M29: 17962.502 | N29: 0
B30: =IF($C30="","",IFERROR('Comps'!B14,"DELETE")) -> Spotify Technology S.A. | C30: =IF('Comps'!C14="","",'Comps'!C14) -> NYSE:SPOT | D30: 245.5054 | E30: 423.30835 | F30: 1019.4524 | G30: 1549.1184 | H30: 1932.4431 | I30: 2464.8318 | J30: 2946.6621 | K30: 3127.0706 | L30: 3811.2081 | M30: 4908.3756 | N30: 0
B31: =IF($C31="","",IFERROR('Comps'!B15,"DELETE")) -> Roku, Inc. | C31: =IF('Comps'!C15="","",'Comps'!C15) -> NasdaqGS:ROKU | D31: 89.778 | E31: 121.045 | F31: 199.833 | G31: 332.148 | H31: 495.224 | I31: 808.219 | J31: 1408.6 | K31: 1441.122 | L31: 1592.97 | M31: 1805.648 | N31: 0
B32: =IF($C32="","",IFERROR('Comps'!B16,"DELETE")) -> Iqiyi, Inc. | C32: =IF('Comps'!C16="","",'Comps'!C16) -> NasdaqGS:IQ | D32: -111.38699 | E32: 1.87675 | F32: 58.7121 | G32: -311.68777 | H32: -180.32544 | I32: 404.9372 | J32: 508.06914 | K32: 978.0421 | L32: 1272.516 | M32: 1009.2933 | N32: 0
B33: =IF($C33="","",IFERROR('Comps'!B17,"DELETE")) -> Bilibili Inc. | C33: =IF('Comps'!C17="","",'Comps'!C17) -> NasdaqGS:BILI | D33: -26.58021 | E33: -35.93369 | F33: 84.40654 | G33: 124.3785 | H33: 170.94156 | I33: 435.036 | J33: 636.45547 | K33: 558.09531 | L33: 767.44349 | M33: 1202.0609 | N33: 0
B34: =IF($C34="","",IFERROR('Comps'!B18,"DELETE")) -> The Walt Disney Company | C34: =IF('Comps'!C18="","",'Comps'!C18) -> NYSE:DIS | D34: 24101 | E34: 25768 | F34: 24831 | G34: 26708 | H34: 27546 | I34: 21508 | J34: 22287 | K34: 28321 | L34: 29697 | M34: 32663 | N34: 35659
B35: =IF($C35="","",IFERROR('Comps'!B19,"DELETE")) -> Warner Bros. Discovery, Inc. | C35: =IF('Comps'!C19="","",'Comps'!C19) -> NasdaqGS:WBD | D35: 4111 | E35: 4130 | F35: 4249 | G35: 6643 | H35: 7392 | I35: 6859 | J35: 7576 | K35: 13426 | L35: 17006 | M35: 16744 | N35: 0
B36: =IF($C36="","",IFERROR('Comps'!B20,"DELETE")) -> Paramount Skydance Corporation | C36: =IF('Comps'!C20="","",'Comps'!C20) -> NasdaqGS:PSKY | D36: 4760 | E36: 5210 | F36: 11052 | G36: 11026 | H36: 10874 | I36: 10452 | J36: 10842 | K36: 10309 | L36: 9635 | M36: 9776 | N36: 0
B37: =IF($C37="","",IFERROR('Comps'!B21,"DELETE")) -> Comcast Corporation | C37: =IF('Comps'!C21="","",'Comps'!C21) -> NasdaqGS:CMCSA | D37: 51960 | E37: 56388 | F37: 59674 | G37: 64815 | H37: 74502 | I37: 70443 | J37: 77935 | K37: 83214 | L37: 84810 | M37: 86705 | N37: 0
B38: =IF($C38="","",IFERROR('Comps'!B22,"DELETE")) | C38: =IF('Comps'!C22="","",'Comps'!C22)
B39: =IF($C39="","",IFERROR('Comps'!B23,"DELETE")) | C39: =IF('Comps'!C23="","",'Comps'!C23)
B40: =IF($C40="","",IFERROR('Comps'!B24,"DELETE")) | C40: =IF('Comps'!C24="","",'Comps'!C24)
B41: =IF($C41="","",IFERROR('Comps'!B25,"DELETE")) | C41: =IF('Comps'!C25="","",'Comps'!C25)
B42: =IF($C42="","",IFERROR('Comps'!B26,"DELETE")) | C42: =IF('Comps'!C26="","",'Comps'!C26)
B43: =IF($C43="","",IFERROR('Comps'!B27,"DELETE")) | C43: =IF('Comps'!C27="","",'Comps'!C27)
B45: Source: CIQ
B47: EBITDA
B48: ="("&curr&" "&LEFT($L$2,1)&")" -> (USD m) | C48: Ticker | D48: =D$8 -> FY2015 | E48: =E$8 -> FY2016 | F48: =F$8 -> FY2017 | G48: =G$8 -> FY2018 | H48: =H$8 -> FY2019 | I48: =I$8 -> FY2020 | J48: =J$8 -> FY2021 | K48: =K$8 -> FY2022 | ... N48: =N$8 -> FY2025
B49: =IF($C49="","",IFERROR('Comps'!B13,"DELETE")) -> Netflix, Inc. | C49: =IF('Comps'!C13="","",'Comps'!C13) -> NasdaqGS:NFLX | D49: 368.109 | E49: 437.321 | F49: 910.59 | G49: 1688.383 | H49: 2707.833 | I49: 4700.999 | J49: 6402.921 | K49: 5969.513 | L49: 7310.95 | M49: 10746.528 | N49: 0
B50: =IF($C50="","",IFERROR('Comps'!B14,"DELETE")) -> Spotify Technology S.A. | C50: =IF('Comps'!C14="","",'Comps'!C14) -> NYSE:SPOT | D50: -222.69296 | E50: -328.30149 | F50: -389.04899 | G50: -12.59446 | H50: 31.42184 | I50: -222.62997 | J50: 251.33629 | K50: -521.53468 | L50: 8.84271 | M50: 1529.1438 | N50: 0
B51: =IF($C51="","",IFERROR('Comps'!B15,"DELETE")) -> Roku, Inc. | C51: =IF('Comps'!C15="","",'Comps'!C15) -> NasdaqGS:ROKU | D51: -35.297 | E51: -38.759 | F51: -15.58 | G51: -7.507 | H51: -48.076 | I51: 37.845 | J51: 372.291 | K51: -209.742 | L51: -157.984 | M51: 81.886 | N51: 0
B52: =IF($C52="","",IFERROR('Comps'!B16,"DELETE")) -> Iqiyi, Inc. | C52: =IF('Comps'!C16="","",'Comps'!C16) -> NasdaqGS:IQ | D52: 75.88972 | E52: 351.71717 | F52: 793.87278 | G52: 640.94072 | H52: 708.65789 | I52: 1077.7425 | J52: 1024.0654 | K52: 1402.7881 | L52: 1520.9505 | M52: 1320.5282 | N52: 0
B53: =IF($C53="","",IFERROR('Comps'!B17,"DELETE")) -> Bilibili Inc. | C53: =IF('Comps'!C17="","",'Comps'!C17) -> NasdaqGS:BILI | D53: -50.31298 | E53: -105.59654 | F53: 12.31438 | G53: -12.58095 | H53: -57.12821 | I53: -217.40067 | J53: -627.65592 | K53: -728.00078 | L53: -329.12536 | M53: 134.64208 | N53: 0
B54: =IF($C54="","",IFERROR('Comps'!B18,"DELETE")) -> The Walt Disney Company | C54: =IF('Comps'!C18="","",'Comps'!C18) -> NYSE:DIS | D54: 15578 | E54: 17014 | F54: 16655 | G54: 17848 | H54: 16197 | I54: 9126 | J54: 8603 | K54: 11995 | L54: 14701 | M54: 17308 | N54: 19419
B55: =IF($C55="","",IFERROR('Comps'!B19,"DELETE")) -> Warner Bros. Discovery, Inc. | C55: =IF('Comps'!C19="","",'Comps'!C19) -> NasdaqGS:WBD | D55: 2442 | E55: 2444 | F55: 2560 | G55: 4133 | H55: 4630 | I55: 4143 | J55: 3655 | K55: 4943 | L55: 7409 | M55: 7671 | N55: 0
B56: =IF($C56="","",IFERROR('Comps'!B20,"DELETE")) -> Paramount Skydance Corporation | C56: =IF('Comps'!C20="","",'Comps'!C20) -> NasdaqGS:PSKY | D56: 2799 | E56: 3077 | F56: 5800 | G56: 5913 | H56: 5294 | I56: 5058 | J56: 4391 | K56: 3211 | L56: 2273 | M56: 2917 | N56: 0
B57: =IF($C57="","",IFERROR('Comps'!B21,"DELETE")) -> Comcast Corporation | C57: =IF('Comps'!C21="","",'Comps'!C21) -> NasdaqGS:CMCSA | D57: 24678 | E57: 26318 | F57: 27706 | G57: 30165 | H57: 34078 | I57: 30593 | J57: 34621 | K57: 36445 | L57: 37649 | M57: 38100 | N57: 0
B58: =IF($C58="","",IFERROR('Comps'!B22,"DELETE")) | C58: =IF('Comps'!C22="","",'Comps'!C22)
B59: =IF($C59="","",IFERROR('Comps'!B23,"DELETE")) | C59: =IF('Comps'!C23="","",'Comps'!C23)
B60: =IF($C60="","",IFERROR('Comps'!B24,"DELETE")) | C60: =IF('Comps'!C24="","",'Comps'!C24)
B61: =IF($C61="","",IFERROR('Comps'!B25,"DELETE")) | C61: =IF('Comps'!C25="","",'Comps'!C25)
B62: =IF($C62="","",IFERROR('Comps'!B26,"DELETE")) | C62: =IF('Comps'!C26="","",'Comps'!C26)
B63: =IF($C63="","",IFERROR('Comps'!B27,"DELETE")) | C63: =IF('Comps'!C27="","",'Comps'!C27)
B65: Source: CIQ
B67: EBIT
B68: ="("&curr&" "&LEFT($L$2,1)&")" -> (USD m) | C68: Ticker | D68: =D$8 -> FY2015 | E68: =E$8 -> FY2016 | F68: =F$8 -> FY2017 | G68: =G$8 -> FY2018 | H68: =H$8 -> FY2019 | I68: =I$8 -> FY2020 | J68: =J$8 -> FY2021 | K68: =K$8 -> FY2022 | ... N68: =N$8 -> FY2025
B69: =IF($C69="","",IFERROR('Comps'!B13,"DELETE")) -> Netflix, Inc. | C69: =IF('Comps'!C13="","",'Comps'!C13) -> NasdaqGS:NFLX | D69: 305.826 | E69: 379.793 | F69: 838.679 | G69: 1605.226 | H69: 2604.254 | I69: 4585.289 | J69: 6194.509 | K69: 5632.831 | L69: 6954.003 | M69: 10417.614 | N69: 0
B70: =IF($C70="","",IFERROR('Comps'!B14,"DELETE")) -> Spotify Technology S.A. | C70: =IF('Comps'!C14="","",'Comps'!C14) -> NYSE:SPOT | D70: -255.28217 | E70: -368.4155 | F70: -453.89049 | G70: -49.23288 | H70: -66.2103 | I70: -358.40979 | J70: 106.90322 | K70: -704.28556 | L70: -90.63778 | M70: 1457.7078 | N70: 0
B71: =IF($C71="","",IFERROR('Comps'!B15,"DELETE")) -> Roku, Inc. | C71: =IF('Comps'!C15="","",'Comps'!C15) -> NasdaqGS:ROKU | D71: -37.552 | E71: -43.361 | F71: -19.616 | G71: -13.296 | H71: -65.059 | I71: -20.253 | J71: 235.1 | K71: -492.748 | L71: -436.283 | M71: -187.168 | N71: 0
B72: =IF($C72="","",IFERROR('Comps'!B16,"DELETE")) -> Iqiyi, Inc. | C72: =IF('Comps'!C16="","",'Comps'!C16) -> NasdaqGS:IQ | D72: -373.90851 | E72: -371.18343 | F72: -547.55467 | G72: -1207.7055 | H72: -1315.363 | I72: -799.50617 | J72: -651.62075 | K72: 200.07249 | L72: 457.2909 | M72: 261.19385 | N72: 0
B73: =IF($C73="","",IFERROR('Comps'!B17,"DELETE")) -> Bilibili Inc. | C73: =IF('Comps'!C17="","",'Comps'!C17) -> NasdaqGS:BILI | D73: -56.81679 | E73: -128.85863 | F73: -34.46786 | G73: -105.99081 | H73: -214.73452 | I73: -481.1082 | J73: -1012.0382 | K73: -1211.788 | L73: -714.18113 | M73: -184.12804 | N73: 0
B74: =IF($C74="","",IFERROR('Comps'!B18,"DELETE")) -> The Walt Disney Company | C74: =IF('Comps'!C18="","",'Comps'!C18) -> NYSE:DIS | D74: 13224 | E74: 14487 | F74: 13873 | G74: 14837 | H74: 12030 | I74: 3781 | J74: 3492 | K74: 6832 | L74: 9332 | M74: 12318 | N74: 14093
B75: =IF($C75="","",IFERROR('Comps'!B19,"DELETE")) -> Warner Bros. Discovery, Inc. | C75: =IF('Comps'!C19="","",'Comps'!C19) -> NasdaqGS:WBD | D75: 2112 | E75: 2122 | F75: 2230 | G75: 2735 | H75: 3283 | I75: 2784 | J75: 2073 | K75: -2250 | L75: -576 | M75: 634 | N75: 0
B76: =IF($C76="","",IFERROR('Comps'!B20,"DELETE")) -> Paramount Skydance Corporation | C76: =IF('Comps'!C20="","",'Comps'!C20) -> NasdaqGS:PSKY | D76: 2564 | E76: 2852 | F76: 5357 | G76: 5486 | H76: 4876 | I76: 4665 | J76: 4001 | K76: 2833 | L76: 1855 | M76: 2525 | N76: 0
B77: =IF($C77="","",IFERROR('Comps'!B21,"DELETE")) -> Comcast Corporation | C77: =IF('Comps'!C21="","",'Comps'!C21) -> NasdaqGS:CMCSA | D77: 15998 | E77: 16892 | F77: 17576 | G77: 19148 | H77: 21125 | I77: 17493 | J77: 20817 | K77: 22624 | L77: 23313 | M77: 23298 | N77: 0
B78: =IF($C78="","",IFERROR('Comps'!B22,"DELETE")) | C78: =IF('Comps'!C22="","",'Comps'!C22)
B79: =IF($C79="","",IFERROR('Comps'!B23,"DELETE")) | C79: =IF('Comps'!C23="","",'Comps'!C23)
B80: =IF($C80="","",IFERROR('Comps'!B24,"DELETE")) | C80: =IF('Comps'!C24="","",'Comps'!C24)
B81: =IF($C81="","",IFERROR('Comps'!B25,"DELETE")) | C81: =IF('Comps'!C25="","",'Comps'!C25)
B82: =IF($C82="","",IFERROR('Comps'!B26,"DELETE")) | C82: =IF('Comps'!C26="","",'Comps'!C26)
B83: =IF($C83="","",IFERROR('Comps'!B27,"DELETE")) | C83: =IF('Comps'!C27="","",'Comps'!C27)
B85: Source: CIQ
B87: ROIC
B88: % | C88: Ticker | D88: =D$8 -> FY2015 | E88: =E$8 -> FY2016 | F88: =F$8 -> FY2017 | G88: =G$8 -> FY2018 | H88: =H$8 -> FY2019 | I88: =I$8 -> FY2020 | J88: =J$8 -> FY2021 | K88: =K$8 -> FY2022 | ... N88: =N$8 -> FY2025 | O88: Average
B89: =IF($C89="","",IFERROR('Comps'!B13,"DELETE")) -> Netflix, Inc. | C89: =IF('Comps'!C13="","",'Comps'!C13) -> NasdaqGS:NFLX | D89: 0.033424 | E89: 0.035093 | F89: 0.069322 | G89: 0.094332 | H89: 0.094399 | I89: 0.10317 | J89: 0.161034 | K89: 0.125341 | L89: 0.143694 | M89: 0.216976 | N89: 0 | O89: =IF($C89="","",IFERROR(AVERAGE(I89:M89),"NA")) -> 0.150043
B90: =IF($C90="","",IFERROR('Comps'!B14,"DELETE")) -> Spotify Technology S.A. | C90: =IF('Comps'!C14="","",'Comps'!C14) -> NYSE:SPOT | D90: 0 | E90: -0.979109 | F90: -1.202531 | G90: -0.047619 | H90: -0.078266 | I90: -0.19137 | J90: -0.009242 | K90: -0.106356 | L90: -0.126275 | M90: 0.191501 | N90: 0 | O90: =IF($C90="","",IFERROR(AVERAGE(I90:M90),"NA")) -> -0.0483484
B91: =IF($C91="","",IFERROR('Comps'!B15,"DELETE")) -> Roku, Inc. | C91: =IF('Comps'!C15="","",'Comps'!C15) -> NasdaqGS:ROKU | D91: 0 | E91: -0.691496 | F91: -0.645991 | G91: -0.044627 | H91: -0.087995 | I91: -0.01214 | J91: 0.095905 | K91: -0.149681 | L91: -0.223607 | M91: -0.042664 | N91: 0 | O91: =IF($C91="","",IFERROR(AVERAGE(I91:M91),"NA")) -> -0.0664374
B92: =IF($C92="","",IFERROR('Comps'!B16,"DELETE")) -> Iqiyi, Inc. | C92: =IF('Comps'!C16="","",'Comps'!C16) -> NasdaqGS:IQ | D92: 0 | E92: -0.496147 | F92: -0.483984 | G92: -0.502356 | H92: -0.376583 | I92: -0.238067 | J92: -0.222169 | K92: -0.005144 | L92: 0.068254 | M92: 0.027751 | N92: 0 | O92: =IF($C92="","",IFERROR(AVERAGE(I92:M92),"NA")) -> -0.073875
B93: =IF($C93="","",IFERROR('Comps'!B17,"DELETE")) -> Bilibili Inc. | C93: =IF('Comps'!C17="","",'Comps'!C17) -> NasdaqGS:BILI | D93: 0 | E93: -0.988716 | F93: -0.316284 | G93: -0.133018 | H93: -0.140577 | I93: -0.218869 | J93: -0.236919 | K93: -0.209058 | L93: -0.182553 | M93: -0.06522 | N93: 0 | O93: =IF($C93="","",IFERROR(AVERAGE(I93:M93),"NA")) -> -0.1825238
B94: =IF($C94="","",IFERROR('Comps'!B18,"DELETE")) -> The Walt Disney Company | C94: =IF('Comps'!C18="","",'Comps'!C18) -> NYSE:DIS | D94: 0.082488 | E94: 0.10605 | F94: 0.094072 | G94: 0.137866 | H94: 0.072583 | I94: -0.028732 | J94: 0.012454 | K94: 0.019584 | L94: 0.014516 | M94: 0.022627 | N94: 0.067292 | O94: =IF($C94="","",IFERROR(AVERAGE(I94:M94),"NA")) -> 0.0080898
B95: =IF($C95="","",IFERROR('Comps'!B19,"DELETE")) -> Warner Bros. Discovery, Inc. | C95: =IF('Comps'!C19="","",'Comps'!C19) -> NasdaqGS:WBD | D95: 0.076914 | E95: 0.089237 | F95: -0.020337 | G95: 0.025079 | H95: 0.074025 | I95: 0.042683 | J95: 0.034795 | K95: -0.113127 | L95: -0.032056 | M95: -0.131748 | N95: 0 | O95: =IF($C95="","",IFERROR(AVERAGE(I95:M95),"NA")) -> -0.0398906
B96: =IF($C96="","",IFERROR('Comps'!B20,"DELETE")) -> Paramount Skydance Corporation | C96: =IF('Comps'!C20="","",'Comps'!C20) -> NasdaqGS:PSKY | D96: 0.079236 | E96: 0.071874 | F96: 0.135295 | G96: 0.136016 | H96: 0.084634 | I96: 0.050519 | J96: 0.096694 | K96: 0.009894 | L96: -0.026264 | M96: -0.177149 | N96: 0 | O96: =IF($C96="","",IFERROR(AVERAGE(I96:M96),"NA")) -> -0.0092612
B97: =IF($C97="","",IFERROR('Comps'!B21,"DELETE")) -> Comcast Corporation | C97: =IF('Comps'!C21="","",'Comps'!C21) -> NasdaqGS:CMCSA | D97: 0.054524 | E97: 0.053663 | F97: 0.156291 | G97: 0.052216 | H97: 0.048704 | I97: 0.031681 | J97: 0.04677 | K97: 0.003192 | L97: 0.056508 | M97: 0.060069 | N97: 0 | O97: =IF($C97="","",IFERROR(AVERAGE(I97:M97),"NA")) -> 0.039644
B98: =IF($C98="","",IFERROR('Comps'!B22,"DELETE")) | C98: =IF('Comps'!C22="","",'Comps'!C22) | O98: =IF($C98="","",IFERROR(AVERAGE(I98:M98),"NA"))
B99: =IF($C99="","",IFERROR('Comps'!B23,"DELETE")) | C99: =IF('Comps'!C23="","",'Comps'!C23) | O99: =IF($C99="","",IFERROR(AVERAGE(I99:M99),"NA"))
B100: =IF($C100="","",IFERROR('Comps'!B24,"DELETE")) | C100: =IF('Comps'!C24="","",'Comps'!C24) | O100: =IF($C100="","",IFERROR(AVERAGE(I100:M100),"NA"))
B101: =IF($C101="","",IFERROR('Comps'!B25,"DELETE")) | C101: =IF('Comps'!C25="","",'Comps'!C25) | O101: =IF($C101="","",IFERROR(AVERAGE(I101:M101),"NA"))
B102: =IF($C102="","",IFERROR('Comps'!B26,"DELETE")) | C102: =IF('Comps'!C26="","",'Comps'!C26) | O102: =IF($C102="","",IFERROR(AVERAGE(I102:M102),"NA"))
B103: =IF($C103="","",IFERROR('Comps'!B27,"DELETE")) | C103: =IF('Comps'!C27="","",'Comps'!C27) | O103: =IF($C103="","",IFERROR(AVERAGE(I103:M103),"NA"))
B105: Source: CIQ
A108: 1 | D108: ="FY"&RIGHT(D110,2) -> FY15 | E108: ="FY"&RIGHT(E110,2) -> FY16 | F108: ="FY"&RIGHT(F110,2) -> FY17 | G108: ="FY"&RIGHT(G110,2) -> FY18 | H108: ="FY"&RIGHT(H110,2) -> FY19 | I108: ="FY"&RIGHT(I110,2) -> FY20 | J108: ="FY"&RIGHT(J110,2) -> FY21 | K108: ="FY"&RIGHT(K110,2) -> FY22 | ... N108: ="FY"&RIGHT(N110,2) -> FY25
A109: 2 | B109: EBIT margin
A110: 3 | B110: % | C110: Ticker | D110: =D$8 -> FY2015 | E110: =E$8 -> FY2016 | F110: =F$8 -> FY2017 | G110: =G$8 -> FY2018 | H110: =H$8 -> FY2019 | I110: =I$8 -> FY2020 | J110: =J$8 -> FY2021 | K110: =K$8 -> FY2022 | ... N110: =N$8 -> FY2025 | O110: Average
A111: 4 | B111: =IF($C111="","",IFERROR('Comps'!B13,"DELETE")) -> Netflix, Inc. | C111: =IF('Comps'!C13="","",'Comps'!C13) -> NasdaqGS:NFLX | D111: =IFERROR(D69/D9,0) -> 0.045110333 | E111: =IFERROR(E69/E9,0) -> 0.043008406 | F111: =IFERROR(F69/F9,0) -> 0.071726639 | G111: =IFERROR(G69/G9,0) -> 0.10163298 | H111: =IFERROR(H69/H9,0) -> 0.12920204 | I111: =IFERROR(I69/I9,0) -> 0.1834405 | J111: =IFERROR(J69/J9,0) -> 0.20858447 | K111: =IFERROR(K69/K9,0) -> 0.17816647 | ... N111: =IFERROR(N69/N9,0) -> 0 | O111: =IF($C111="","",IFERROR(AVERAGE(K111:M111),"NA")) -> 0.21716195
A112: 5 | B112: =IF($C112="","",IFERROR('Comps'!B14,"DELETE")) -> Spotify Technology S.A. | C112: =IF('Comps'!C14="","",'Comps'!C14) -> NYSE:SPOT | D112: =IFERROR(D70/D10,0) -> -0.12113402 | E112: =IFERROR(E70/E10,0) -> -0.11822493 | F112: =IFERROR(F70/F10,0) -> -0.092420538 | G112: =IFERROR(G70/G10,0) -> -0.0081764589 | H112: =IFERROR(H70/H10,0) -> -0.0087226491 | I112: =IFERROR(I70/I10,0) -> -0.037182742 | J112: =IFERROR(J70/J10,0) -> 0.009722797 | K112: =IFERROR(K70/K10,0) -> -0.056195105 | ... N112: =IFERROR(N70/N10,0) -> 0 | O112: =IF($C112="","",IFERROR(AVERAGE(K112:M112),"NA")) -> 0.0091502793
A113: 6 | B113: =IF($C113="","",IFERROR('Comps'!B15,"DELETE")) -> Roku, Inc. | C113: =IF('Comps'!C15="","",'Comps'!C15) -> NasdaqGS:ROKU | D113: =IFERROR(D71/D11,0) -> -0.11740246 | E113: =IFERROR(E71/E11,0) -> -0.10876987 | F113: =IFERROR(F71/F11,0) -> -0.03825549 | G113: =IFERROR(G71/G11,0) -> -0.017906926 | H113: =IFERROR(H71/H11,0) -> -0.057629365 | I113: =IFERROR(I71/I11,0) -> -0.011388403 | J113: =IFERROR(J71/J11,0) -> 0.085039919 | K113: =IFERROR(K71/K11,0) -> -0.157602 | ... N113: =IFERROR(N71/N11,0) -> 0 | O113: =IF($C113="","",IFERROR(AVERAGE(K113:M113),"NA")) -> -0.10943735
A114: 7 | B114: =IF($C114="","",IFERROR('Comps'!B16,"DELETE")) -> Iqiyi, Inc. | C114: =IF('Comps'!C16="","",'Comps'!C16) -> NasdaqGS:IQ | D114: =IFERROR(D72/D12,0) -> -0.45643747 | E114: =IFERROR(E72/E12,0) -> -0.22934784 | F114: =IFERROR(F72/F12,0) -> -0.20501221 | G114: =IFERROR(G72/G12,0) -> -0.33239415 | H114: =IFERROR(H72/H12,0) -> -0.31588774 | I114: =IFERROR(I72/I12,0) -> -0.17570331 | J114: =IFERROR(J72/J12,0) -> -0.13547939 | K114: =IFERROR(K72/K12,0) -> 0.047588161 | ... N114: =IFERROR(N72/N12,0) -> 0 | O114: =IF($C114="","",IFERROR(AVERAGE(K114:M114),"NA")) -> 0.071519481
...

Sheet C0
B1: Time period
B12: Historical data available | C12: =Input!D13 -> 5
B13: Forecast period | C13: =Input!D14 -> 5
B15: Period start | D15: =EDATE(D16,-12)+1 -> 42005 | E15: =EDATE(E16,-12)+1 -> 42370 | F15: =EDATE(F16,-12)+1 -> 42736 | G15: =EDATE(G16,-12)+1 -> 43101 | H15: =EDATE(H16,-12)+1 -> 43466 | I15: =EDATE(I16,-12)+1 -> 43831 | J15: =EDATE(J16,-12)+1 -> 44197 | K15: =EDATE(K16,-12)+1 -> 44562 | ... M15: =EDATE(M16,-12)+1 -> 45292 | N15: =IF(O17=12,EDATE(O16,-24)+1,EDATE(O16,-12)+1) -> 45658 | O15: =vd+1 -> 46023 | P15: =O16+1 -> 46388 | Q15: =P16+1 -> 46753 | R15: =Q16+1 -> 47119 | S15: =R16+1 -> 47484 | T15: =S16+1 -> 47849 | U15: =T16+1 -> 48214 | V15: =U16+1 -> 48580 | W15: =V16+1 -> 48945 | ... AR15: =AQ16+1 -> 56615
B16: Period end | D16: =E15-1 -> 42369 | E16: =F15-1 -> 42735 | F16: =G15-1 -> 43100 | G16: =H15-1 -> 43465 | H16: =I15-1 -> 43830 | I16: =J15-1 -> 44196 | J16: =K15-1 -> 44561 | K16: =L15-1 -> 44926 | ... M16: =N15-1 -> 45657 | N16: =vd -> 46022 | O16: =next.fy -> 46387 | P16: =EDATE(O16,12) -> 46752 | Q16: =EDATE(P16,12) -> 47118 | R16: =EDATE(Q16,12) -> 47483 | S16: =EDATE(R16,12) -> 47848 | T16: =EDATE(S16,12) -> 48213 | U16: =EDATE(T16,12) -> 48579 | V16: =EDATE(U16,12) -> 48944 | W16: =EDATE(V16,12) -> 49309 | ... AR16: =EDATE(AQ16,12) -> 56979
B17: Months in period | D17: =ROUND((D16-D15)/30,0) -> 12 | E17: =ROUND((E16-E15)/30,0) -> 12 | F17: =ROUND((F16-F15)/30,0) -> 12 | G17: =ROUND((G16-G15)/30,0) -> 12 | H17: =ROUND((H16-H15)/30,0) -> 12 | I17: =ROUND((I16-I15)/30,0) -> 12 | J17: =ROUND((J16-J15)/30,0) -> 12 | K17: =ROUND((K16-K15)/30,0) -> 12 | ... AR17: =ROUND((AR16-AR15)/30,0) -> 12
B20: Year | D20: =IF(D23<$C$12,YEAR(D16),"DELETE") -> DELETE | E20: =IF(E23<$C$12,YEAR(E16),"DELETE") -> DELETE | F20: =IF(F23<$C$12,YEAR(F16),"DELETE") -> DELETE | G20: =IF(G23<$C$12,YEAR(G16),"DELETE") -> DELETE | H20: =IF(H23<$C$12,YEAR(H16),"DELETE") -> DELETE | I20: =IF(I23<$C$12,YEAR(I16),"DELETE") -> DELETE | J20: =IF(J23<$C$12,YEAR(J16),"DELETE") -> 2021 | K20: =IF(K23<$C$12,YEAR(K16),"DELETE") -> 2022 | ... N20: =IF(N23<$C$12,YEAR(N16),"DELETE") -> 2025 | O20: =IF(O23<$C$13+1,YEAR(O16),"DELETE") -> 2026 | P20: =IF(P23<$C$13+1,YEAR(P16),"DELETE") -> 2027 | Q20: =IF(Q23<$C$13+1,YEAR(Q16),"DELETE") -> 2028 | R20: =IF(R23<$C$13+1,YEAR(R16),"DELETE") -> 2029 | S20: =IF(S23<$C$13+1,YEAR(S16),"DELETE") -> 2030 | T20: =IF(T23<$C$13+1,YEAR(T16),"DELETE") -> DELETE | U20: =IF(U23<$C$13+1,YEAR(U16),"DELETE") -> DELETE | V20: =IF(V23<$C$13+1,YEAR(V16),"DELETE") -> DELETE | ... AR20: =IF(AR23<$C$13+1,YEAR(AR16),"DELETE") -> DELETE
D21: =IF(D17=12,"FY"&RIGHT(D20,2),D17&"M"&RIGHT(E20,2)) -> FYTE | E21: =IF(E17=12,"FY"&RIGHT(E20,2),E17&"M"&RIGHT(F20,2)) -> FYTE | F21: =IF(F17=12,"FY"&RIGHT(F20,2),F17&"M"&RIGHT(G20,2)) -> FYTE | G21: =IF(G17=12,"FY"&RIGHT(G20,2),G17&"M"&RIGHT(H20,2)) -> FYTE | H21: =IF(H17=12,"FY"&RIGHT(H20,2),H17&"M"&RIGHT(I20,2)) -> FYTE | I21: =IF(I17=12,"FY"&RIGHT(I20,2),I17&"M"&RIGHT(J20,2)) -> FYTE | J21: =IF(J17=12,"FY"&RIGHT(J20,2),J17&"M"&RIGHT(K20,2)) -> FY21 | K21: =IF(K17=12,"FY"&RIGHT(K20,2),K17&"M"&RIGHT(L20,2)) -> FY22 | ... N21: =IF(N17=12,"FY"&RIGHT(N20,2),N17&"M"&RIGHT(O20,2)) -> FY25 | O21: =IF(O17=12,"FY"&RIGHT(O20,2)&"F",O17&"M"&RIGHT(O20,2)&"F") -> FY26F | P21: =IF(P17=12,"FY"&RIGHT(P20,2)&"F",P17&"M"&RIGHT(P20,2)&"F") -> FY27F | Q21: =IF(Q17=12,"FY"&RIGHT(Q20,2)&"F",Q17&"M"&RIGHT(Q20,2)&"F") -> FY28F | R21: =IF(R17=12,"FY"&RIGHT(R20,2)&"F",R17&"M"&RIGHT(R20,2)&"F") -> FY29F | S21: =IF(S17=12,"FY"&RIGHT(S20,2)&"F",S17&"M"&RIGHT(S20,2)&"F") -> FY30F | T21: =IF(T17=12,"FY"&RIGHT(T20,2)&"F",T17&"M"&RIGHT(T20,2)&"F") -> FYTEF | U21: =IF(U17=12,"FY"&RIGHT(U20,2)&"F",U17&"M"&RIGHT(U20,2)&"F") -> FYTEF | V21: =IF(V17=12,"FY"&RIGHT(V20,2)&"F",V17&"M"&RIGHT(V20,2)&"F") -> FYTEF | ... AR21: =IF(AR17=12,"FY"&RIGHT(AR20,2)&"F",AR17&"M"&RIGHT(AR20,2)&"F") -> FYTEF
B23: Years from VD | D23: =YEARFRAC(vd,D16) -> 10 | E23: =YEARFRAC(vd,E16) -> 9 | F23: =YEARFRAC(vd,F16) -> 8 | G23: =YEARFRAC(vd,G16) -> 7 | H23: =YEARFRAC(vd,H16) -> 6 | I23: =YEARFRAC(vd,I16) -> 5 | J23: =YEARFRAC(vd,J16) -> 4 | K23: =YEARFRAC(vd,K16) -> 3 | ... AR23: =YEARFRAC(vd,AR16) -> 30
B24: Discounting period (mid-year) | O24: =O23/2 -> 0.5 | P24: =P23-0.5 -> 1.5 | Q24: =Q23-0.5 -> 2.5 | R24: =R23-0.5 -> 3.5 | S24: =S23-0.5 -> 4.5 | T24: =T23-0.5 -> 5.5 | U24: =U23-0.5 -> 6.5 | V24: =V23-0.5 -> 7.5 | W24: =W23-0.5 -> 8.5 | ... AR24: =AR23-0.5 -> 29.5

Sheet WACC
B1: WACC
B8: Country | C8: Singapore
B10: Weighted Average Cost of Capital
B11: Equity: | D11: Remark
B12: Risk free rate | C12: =IFERROR(VLOOKUP(ctry,'Comps'!$C$46:$E$54,3,FALSE),'Comps'!$E$54) -> 0.0222496 | D12: Applied 10 year Singapore government bond yield as risk-free rate
B13: Equity Risk Premium (ERP) | C13: 0.041 | D13: Implied ERP computed by Prof Damodaran [refer to file ERP by month]
B14: Unlevered Beta | C14: ='Comps'!K29 -> 1.20463 | D14: Peer Median
B15: Relevered Beta | C15: =C14*(1+((1-tax)*C27)) -> 1.4120914
B16: Country Risk | C16: 0 | D16: Country risk premium computed by Damodaran [select for specific country]
B17: Size Premium | C17: ='Size Premium'!F23 -> 0.0499 | D17: Size premium computed by Duff & Phelps
B18: Specific Risk Premium | C18: 0 | D18: refer to O1 tab
B19: Cost of Equity | C19: =C12+C15*C13+C16+C17+C18 -> 0.13004535
B21: Debt:
B22: Borrowing Rates | C22: 0.07 | D22: Based on the current borrowing rate of the company or market rate
B23: Tax | C23: =tax -> 0.25
B24: Cost of Debt | C24: =SUM(C22:C22)*(1-tax) -> 0.0525
B26: Capital Structure:
B27: D/E ratio | C27: ='Comps'!I29 -> 0.22962665 | D27: State if this is based on median D/E ratio of comparable companies or a long term target capital structure specific to the company
B28: Equity | C28: =1/(C27+1) -> 0.81325498
B29: Debt | C29: =1-C28 -> 0.18674502
B30: WACC | C30: =C28*C19+C24*C29 -> 0.11556414
B31: Source: CIQ & FVA's computation

Sheet DCF
B1: Income Approach - DCF
B10: DCF Model
B11: Current case | C11: 1 | E11: Control? | F11: Y | H11: Select between controlling and non-controlling
B12: Full year? (First period) | C12: =Forecast!D13 -> Y | E12: TV method | F12: Gordon | G12: =IF(F12="Gordon",A33,"") -> 16
B13: No of months (first period) | C13: =C0!O17 -> 12 | E13: TV growth | F13: 0.02 | H13: Enter TV growth
B14: Offset | C14: 2 | E14: TLCF | F14: N | H14: Select Y if tax loss carryforward is allowed.
E15: 1st period CF | F15: 1 | H15: =IF(F15=1,"Difference between YTD and full year","Pro-rate full year forecast") -> Difference between YTD and full year
B16: Index | C16: =IF($C$12="Y",0,-1) -> 0 | D16: =C16+1 -> 1 | E16: =D16+1 -> 2 | F16: =E16+1 -> 3 | G16: =F16+1 -> 4 | H16: =G16+1 -> 5 | I16: =H16+1 -> 6 | J16: =I16+1 -> 7 | K16: =J16+1 -> 8 | ... R16: =Q16+1 -> 15
A17: Row index | B17: ="DCF Model - Scenario "&case -> DCF Model - Scenario 1
A18: 1 | B18: =Historicals!B15 -> (USD k) | D18: =IF(D16>Input!$D$14,"TV",C0!O21) -> FY26F | E18: =IF(E16>Input!$D$14,"TV",C0!P21) -> FY27F | F18: =IF(F16>Input!$D$14,"TV",C0!Q21) -> FY28F | G18: =IF(G16>Input!$D$14,"TV",C0!R21) -> FY29F | H18: =IF(H16>Input!$D$14,"TV",C0!S21) -> FY30F | I18: =IF(I16>Input!$D$14,"TV",C0!T21) -> TV | J18: =IF(J16>Input!$D$14,"TV",C0!U21) -> TV | K18: =IF(K16>Input!$D$14,"TV",C0!V21) -> TV | ... R18: =IF(R16>Input!$D$14,"TV",C0!AC21) -> TV
A19: 2 | B19: EBITDA | D19: =IF(C12="Y",Forecast!D35,IF(F15=1,Forecast!D35-Historicals!N34,Forecast!D35*C13/12)) -> 0 | E19: =IF(E$18="TV",D19*(1+$C$33),Forecast!E35) -> 0 | F19: =IF(F$18="TV",E19*(1+$C$33),Forecast!F35) -> 0 | G19: =IF(G$18="TV",F19*(1+$C$33),Forecast!G35) -> 0 | H19: =IF(H$18="TV",G19*(1+$C$33),Forecast!H35) -> 0 | I19: =IF(I$18="TV",H19*(1+$C$33),Forecast!I35) -> 0 | J19: =IF(J$18="TV",I19*(1+$C$33),Forecast!J35) -> 0 | K19: =IF(K$18="TV",J19*(1+$C$33),Forecast!K35) -> 0 | L19: =IF(L$18="TV",K19*(1+$C$33),Forecast!L35) -> 0 | ... O19: =IF(O$18="TV",N19*(1+$C$33),Forecast!O35) -> 0 | P19: =IF(P$18="TV",O19*(1+$C$33),Forecast!Q35) -> 0 | Q19: =IF(Q$18="TV",P19*(1+$C$33),Forecast!R35) -> 0 | R19: =IF(R$18="TV",Q19*(1+$C$33),Forecast!S35) -> 0
A20: 3 | B20: EBIT | D20: =IF(C12="Y",Forecast!D31,IF(F15=1,Forecast!D31-Historicals!N30,Forecast!D31*C13/12)) -> 0 | E20: =IF(E$18="TV",D20*(1+$C$33),Forecast!E31) -> 0 | F20: =IF(F$18="TV",E20*(1+$C$33),Forecast!F31) -> 0 | G20: =IF(G$18="TV",F20*(1+$C$33),Forecast!G31) -> 0 | H20: =IF(H$18="TV",G20*(1+$C$33),Forecast!H31) -> 0 | I20: =IF(I$18="TV",H20*(1+$C$33),Forecast!I31) -> 0 | J20: =IF(J$18="TV",I20*(1+$C$33),Forecast!J31) -> 0 | K20: =IF(K$18="TV",J20*(1+$C$33),Forecast!K31) -> 0 | L20: =IF(L$18="TV",K20*(1+$C$33),Forecast!L31) -> 0 | ... O20: =IF(O$18="TV",N20*(1+$C$33),Forecast!O31) -> 0 | P20: =IF(P$18="TV",O20*(1+$C$33),Forecast!Q31) -> 0 | Q20: =IF(Q$18="TV",P20*(1+$C$33),Forecast!R31) -> 0 | R20: =IF(R$18="TV",Q20*(1+$C$33),Forecast!S31) -> 0
A21: 4 | B21: Less: Tax | C21: =tax -> 0.25 | D21: =-MAX((D20-C22)*tax,0) -> 0 | E21: =-MAX((E20-D22)*tax,0) -> 0 | F21: =-MAX((F20-E22)*tax,0) -> 0 | G21: =-MAX((G20-F22)*tax,0) -> 0 | H21: =-MAX((H20-G22)*tax,0) -> 0 | I21: =-MAX((I20-H22)*tax,0) -> 0 | J21: =-MAX((J20-I22)*tax,0) -> 0 | K21: =-MAX((K20-J22)*tax,0) -> 0 | ... R21: =-MAX((R20-Q22)*tax,0) -> 0
A22: 5 | B22: TLCF balance | C22: 0 | D22: =IF($F$14="Y",MAX(C22-D19,0),0) -> 0 | E22: =IF($F$14="Y",MAX(D22-E19,0),0) -> 0 | F22: =IF($F$14="Y",MAX(E22-F19,0),0) -> 0 | G22: =IF($F$14="Y",MAX(F22-G19,0),0) -> 0 | H22: =IF($F$14="Y",MAX(G22-H19,0),0) -> 0 | I22: =IF($F$14="Y",MAX(H22-I19,0),0) -> 0 | J22: =IF($F$14="Y",MAX(I22-J19,0),0) -> 0 | K22: =IF($F$14="Y",MAX(J22-K19,0),0) -> 0 | ... R22: =IF($F$14="Y",MAX(Q22-R19,0),0) -> 0
A23: 6 | B23: Add: Depreciation | D23: =IF(C12="Y",(Forecast!D33+Forecast!D34),IF(F15=1,(Forecast!D33+Forecast!D34)-(Historicals!N32+Historicals!N33),(Forecast!D33+Forecast!D34)*C13/12)) -> 0 | E23: =IF(E$18="TV",D23*(1+$C$33),(Forecast!E33+Forecast!E34)) -> 0 | F23: =IF(F$18="TV",E23*(1+$C$33),(Forecast!F33+Forecast!F34)) -> 0 | G23: =IF(G$18="TV",F23*(1+$C$33),(Forecast!G33+Forecast!G34)) -> 0 | H23: =IF(H$18="TV",G23*(1+$C$33),(Forecast!H33+Forecast!H34)) -> 0 | I23: =IF(I$18="TV",H23*(1+$C$33),(Forecast!I33+Forecast!I34)) -> 0 | J23: =IF(J$18="TV",I23*(1+$C$33),(Forecast!J33+Forecast!J34)) -> 0 | K23: =IF(K$18="TV",J23*(1+$C$33),(Forecast!K33+Forecast!K34)) -> 0 | L23: =IF(L$18="TV",K23*(1+$C$33),(Forecast!L33+Forecast!L34)) -> 0 | ... R23: =IF(R$18="TV",Q23*(1+$C$33),(Forecast!R33+Forecast!R34)) -> 0
A24: 7 | B24: EBIDA | D24: =D20+D21+D23 -> 0 | E24: =E20+E21+E23 -> 0 | F24: =F20+F21+F23 -> 0 | G24: =G20+G21+G23 -> 0 | H24: =H20+H21+H23 -> 0 | I24: =I20+I21+I23 -> 0 | J24: =J20+J21+J23 -> 0 | K24: =K20+K21+K23 -> 0 | ... R24: =R20+R21+R23 -> 0
A25: 8
A26: 9 | B26: Capex | D26: =IFERROR(IF(C12="Y",Forecast!D57,IF(F15=1,Forecast!D57-Historicals!N141,Forecast!D57*C13/12)),0) -> 0 | E26: =IFERROR(IF(E$18="TV",-E23,Forecast!E57),0) -> 0 | F26: =IFERROR(IF(F$18="TV",-F23,Forecast!F57),0) -> 0 | G26: =IFERROR(IF(G$18="TV",-G23,Forecast!G57),0) -> 0 | H26: =IFERROR(IF(H$18="TV",-H23,Forecast!H57),0) -> 0 | I26: =IFERROR(IF(I$18="TV",-I23,Forecast!I57),0) -> 0 | J26: =IFERROR(IF(J$18="TV",-J23,Forecast!J57),0) -> 0 | K26: =IFERROR(IF(K$18="TV",-K23,Forecast!K57),0) -> 0 | L26: =IFERROR(IF(L$18="TV",-L23,Forecast!L57),0) -> 0 | ... R26: =IFERROR(IF(R$18="TV",-R23,Forecast!R57),0) -> 0
A27: 10 | B27: Changes in NWC | D27: =IFERROR(IF(D$18="TV",C27*(1+$C$33),Forecast!D58),"") -> 0 | E27: =IFERROR(IF(E$18="TV",D27*(1+$C$33),Forecast!E58),"") -> 0 | F27: =IFERROR(IF(F$18="TV",E27*(1+$C$33),Forecast!F58),"") -> 0 | G27: =IFERROR(IF(G$18="TV",F27*(1+$C$33),Forecast!G58),"") -> 0 | H27: =IFERROR(IF(H$18="TV",G27*(1+$C$33),Forecast!H58),"") -> 0 | I27: =IFERROR(IF(I$18="TV",H27*(1+$C$33),Forecast!I58),"") -> 0 | J27: =IFERROR(IF(J$18="TV",I27*(1+$C$33),Forecast!J58),"") -> 0 | K27: =IFERROR(IF(K$18="TV",J27*(1+$C$33),Forecast!K58),"") -> 0 | ... R27: =IFERROR(IF(R$18="TV",Q27*(1+$C$33),Forecast!R58),"") -> 0
A28: 11 | B28: FCFF | D28: =SUM(D24:D27) -> 0 | E28: =SUM(E24:E27) -> 0 | F28: =SUM(F24:F27) -> 0 | G28: =SUM(G24:G27) -> 0 | H28: =SUM(H24:H27) -> 0 | I28: =SUM(I24:I27) -> 0 | J28: =SUM(J24:J27) -> 0 | K28: =SUM(K24:K27) -> 0 | ... R28: =SUM(R24:R27) -> 0
A29: 12 | B29: Years from VD (mid point) | D29: =IF(D18="TV",C0!N23,C0!O24) -> 0.5 | E29: =IF(E18="TV",C0!O23,C0!P24) -> 1.5 | F29: =IF(F18="TV",C0!P23,C0!Q24) -> 2.5 | G29: =IF(G18="TV",C0!Q23,C0!R24) -> 3.5 | H29: =IF(H18="TV",C0!R23,C0!S24) -> 4.5 | I29: =IF(I18="TV",C0!S23,C0!T24) -> 5 | J29: =IF(J18="TV",C0!T23,C0!U24) -> 6 | K29: =IF(K18="TV",C0!U23,C0!V24) -> 7 | ... R29: =IF(R18="TV",C0!AB23,C0!AC24) -> 14
A30: 13 | B30: PV factor | C30: =IFERROR(OFFSET($C$58,0,$C$14),"") -> 0.11556414 | D30: =IFERROR(1/(1+$C$30)^D29,"") -> 0.94678796 | E30: =IFERROR(1/(1+$C$30)^E29,"") -> 0.84870778 | F30: =IFERROR(1/(1+$C$30)^F29,"") -> 0.76078797 | G30: =IFERROR(1/(1+$C$30)^G29,"") -> 0.681976 | H30: =IFERROR(1/(1+$C$30)^H29,"") -> 0.61132837 | I30: =IFERROR(1/(1+$C$30)^I29,"") -> 0.57879834 | J30: =IFERROR(1/(1+$C$30)^J29,"") -> 0.51883914 | K30: =IFERROR(1/(1+$C$30)^K29,"") -> 0.46509127 | ... R30: =IFERROR(1/(1+$C$30)^R29,"") -> 0.21630989
A31: 14 | B31: PV of FCFF | D31: =IFERROR(IF(D18="TV",0,D30*D28),"") -> 0 | E31: =IFERROR(IF(E18="TV",0,E30*E28),"") -> 0 | F31: =IFERROR(IF(F18="TV",0,F30*F28),"") -> 0 | G31: =IFERROR(IF(G18="TV",0,G30*G28),"") -> 0 | H31: =IFERROR(IF(H18="TV",0,H30*H28),"") -> 0 | I31: =IFERROR(IF(I18="TV",0,I30*I28),"") -> 0 | J31: =IFERROR(IF(J18="TV",0,J30*J28),"") -> 0 | K31: =IFERROR(IF(K18="TV",0,K30*K28),"") -> 0 | ... R31: =IFERROR(IF(R18="TV",0,R30*R28),"") -> 0
A32: 15
A33: 16 | B33: TV (Gordon growth) | C33: =OFFSET($C$57,0,$C$14) -> 0.02 | E33: =IFERROR(IF(E18="TV",E28/($C$30-$C$33),""),"") | F33: =IFERROR(IF(F18="TV",F28/($C$30-$C$33),""),"") | G33: =IFERROR(IF(G18="TV",G28/($C$30-$C$33),""),"") | H33: =IFERROR(IF(H18="TV",H28/($C$30-$C$33),""),"") | I33: =IFERROR(IF(I18="TV",I28/($C$30-$C$33),""),"") -> 0 | J33: =IFERROR(IF(J18="TV",J28/($C$30-$C$33),""),"") -> 0 | K33: =IFERROR(IF(K18="TV",K28/($C$30-$C$33),""),"") -> 0 | L33: =IFERROR(IF(L18="TV",L28/($C$30-$C$33),""),"") -> 0 | ... R33: =IFERROR(IF(R18="TV",R28/($C$30-$C$33),""),"") -> 0
B35: Sum of PV of FCFF | D35: =SUM(D31:R31) -> 0 | E35: =IFERROR(D35/$D$37,"")
B36: PV of TV | D36: =IFERROR(HLOOKUP("TV",$D$18:$R$33,G12,FALSE)*HLOOKUP("TV",$D$18:$R$33,A30,FALSE),"") -> 0 | E36: =IFERROR(D36/$D$37,"")
B37: Enterprise Value | D37: =SUM(D35:D36) -> 0
B38: =Historicals!B173 -> Net debt | D38: =Historicals!N173 -> 0
B39: =Historicals!B179 -> Net non-operating assets | D39: =Historicals!N179 -> 0
B40: Equity Value (100%) | D40: =SUM(D37:D39) -> 0
B41: % shareholding | D41: =pcent -> 1
B42: DLOC | C42: =IF($F$11="Y",0,'DLOM DLOC'!H29/(1+'DLOM DLOC'!H29)) -> 0 | D42: =-D37*pcent*C42 -> 0
B43: DLOM | C43: =IF($F$11="Y",0,'DLOM DLOC'!D14) -> 0 | D43: =-D37*pcent*C43 -> 0
B44: ="Equity Value ("&TEXT(pcent,"0.0%")&")" -> Equity Value (100.0%) | D44: =MAX(0,D40*pcent+D42+D43) -> 0
B45: Source: Management & FVA
B47: Sensitivity Analysis
B49: =B37 -> Enterprise Value | C49: =D37 -> 0
B50: Normalised TTM EBITDA | C50: ='Market '!D42 -> 0 | D50: From tab C4 - Market Approach
B51: Implied EV/EBITDA ratio | C51: =C49/C50 -> #DIV/0!
B53: EV or Equity? | C53: 2 | E53: =IF(C53=1,"Enterprise Value","Equity Value") -> Equity Value
D54: ='Market '!C47 -> Min | E54: ='Market '!D47 -> 1st quartile | F54: ='Market '!E47 -> Median
B56: Sensitivity Analysis
C57: TV growth | D57: =E57-0.5% -> 0.015 | E57: =F13 -> 0.02 | F57: =E57+0.5% -> 0.025
C58: Discount rate | D58: =E58+1% -> 0.12556414 | E58: =wacc -> 0.11556414 | F58: =E58-1% -> 0.10556414
C59: =IF(C53=2,D44,D37) -> 0 | D59: 1 | E59: 2 | F59: 3
B60: =IF(C53=2,B44,"Enterprise Value") -> Equity Value (100.0%) | D60: 0 | E60: 0 | F60: 0
D61: 0 | E61: 0 | F61: 0
D62: 0 | E62: 0 | F62: 0
D63: 0 | E63: 0 | F63: 0
D64: 0 | E64: 0 | F64: 0
D67: 1 | E67: 2 | F67: 3
B68: =B51 -> Implied EV/EBITDA ratio | D68: 0 | E68: 0 | F68: 0
B69: =B61 -> 0 | C69: =C61 -> 0 | D69: 0 | E69: 0 | F69: 0
B70: =B62 -> 0 | C70: =C62 -> 0 | D70: 0 | E70: 0 | F70: 0
B71: =B63 -> 0 | C71: =C63 -> 0 | D71: 0 | E71: 0 | F71: 0
B72: =B64 -> 0 | C72: =C64 -> 0 | D72: 0 | E72: 0 | F72: 0
B74: Source: FVA

Sheet Market 
B1: Market Approach - Trading Multiples
B7: Peer group Analysis
B8: Name | C8: Ticker | D8: Market Cap | E8: EBIT margin (%) | F8: 3 years Sales CAGR (%) | G8: Selected multiple
A9: 1 | B9: =Subject -> Netflix | C9: =IF('Comps'!C11="","",'Comps'!C11) | D9: =DCF!D40/1000 -> 0 | E9: =Historicals!O62 | F9: =Historicals!O51 | G9: =DCF!E68 -> 0
A10: 2 | B10: =IFERROR('Comps'!B13,"DELETE") -> Netflix, Inc. | C10: =IF('Comps'!C13="","",'Comps'!C13) -> NasdaqGS:NFLX | D10: ='Comps'!E13 -> 397291.44 | E10: ='Comps'!F13 -> 0.294947 | F10: ='Comps'!G13 -> 0.095090843 | G10: ='Comps'!H13 -> 29.66079
A11: 3 | B11: =IFERROR('Comps'!B14,"DELETE") -> Spotify Technology S.A. | C11: =IF('Comps'!C24="","",'Comps'!C24) | D11: ='Comps'!E14 -> 119674.87 | E11: ='Comps'!F14 -> 0.127894 | F11: ='Comps'!G14 -> 0.13851861 | G11: ='Comps'!H14 -> 46.52062
A12: 4 | B12: =IFERROR('Comps'!B15,"DELETE") -> Roku, Inc. | C12: =IF('Comps'!C15="","",'Comps'!C15) -> NasdaqGS:ROKU | D12: ='Comps'!E15 -> 16029.59 | E12: ='Comps'!F15 -> -5.4e-05 | F12: ='Comps'!G15 -> 0.14157921 | G12: ='Comps'!H15 -> 57.01214
A13: 5 | B13: =IFERROR('Comps'!B16,"DELETE") -> Iqiyi, Inc. | C13: =IF('Comps'!C16="","",'Comps'!C16) -> NasdaqGS:IQ | D13: ='Comps'!E16 -> 1848.881 | E13: ='Comps'!F16 -> 0.008402 | F13: ='Comps'!G16 -> -0.059290149 | G13: ='Comps'!H16 -> 2.73718
A14: 6 | B14: =IFERROR('Comps'!B17,"DELETE") -> Bilibili Inc. | C14: =IF('Comps'!C17="","",'Comps'!C17) -> NasdaqGS:BILI | D14: ='Comps'!E17 -> 10174.467 | E14: ='Comps'!F17 -> 0.037052 | F14: ='Comps'!G17 -> 0.064054184 | G14: ='Comps'!H17 -> 19.77912
A15: 7 | B15: =IFERROR('Comps'!B18,"DELETE") -> The Walt Disney Company | C15: =IF('Comps'!C18="","",'Comps'!C18) -> NYSE:DIS | D15: ='Comps'!E18 -> 203112.31 | E15: ='Comps'!F18 -> 0.14925 | F15: ='Comps'!G18 -> 0.10661103 | G15: ='Comps'!H18 -> 11.78183
A16: 8 | B16: =IFERROR('Comps'!B19,"DELETE") -> Warner Bros. Discovery, Inc. | C16: =IF('Comps'!C19="","",'Comps'!C19) -> NasdaqGS:WBD | D16: ='Comps'!E19 -> 71458.806 | E16: ='Comps'!F19 -> 0.044991 | F16: ='Comps'!G19 -> 0.47750312 | G16: ='Comps'!H19 -> 12.45916
A17: 9 | B17: =IFERROR('Comps'!B20,"DELETE") -> Paramount Skydance Corporation | C17: =IF('Comps'!C20="","",'Comps'!C20) -> NasdaqGS:PSKY | D17: ='Comps'!E20 -> 14706.501 | E17: ='Comps'!F20 -> 0.065314 | F17: ='Comps'!G20 -> 0.0072584586 | G17: ='Comps'!H20 -> 11.41535
A18: 10 | B18: =IFERROR('Comps'!B21,"DELETE") -> Comcast Corporation | C18: =IF('Comps'!C21="","",'Comps'!C21) -> NasdaqGS:CMCSA | D18: ='Comps'!E21 -> 108916.01 | E18: ='Comps'!F21 -> 0.167088 | F18: ='Comps'!G21 -> 0.020611609 | G18: ='Comps'!H21 -> 5.15018
A19: 11 | B19: =IFERROR('Comps'!B22,"DELETE") -> 0 | C19: =IF('Comps'!C22="","",'Comps'!C22) | D19: ='Comps'!E22 -> 0 | E19: ='Comps'!F22 -> 0 | F19: ='Comps'!G22 | G19: ='Comps'!H22 -> 0
A20: 12 | B20: =IFERROR('Comps'!B23,"DELETE") -> 0 | C20: =IF('Comps'!C23="","",'Comps'!C23) | D20: ='Comps'!E23 -> 0 | E20: ='Comps'!F23 -> 0 | F20: ='Comps'!G23 | G20: ='Comps'!H23 -> 0
A21: 13 | B21: =IFERROR('Comps'!B24,"DELETE") -> 0 | C21: =IF('Comps'!C24="","",'Comps'!C24) | D21: ='Comps'!E24 -> 0 | E21: ='Comps'!F24 -> 0 | F21: ='Comps'!G24 | G21: ='Comps'!H24 -> 0
A22: 14 | B22: =IFERROR('Comps'!B25,"DELETE") -> 0 | C22: =IF('Comps'!C25="","",'Comps'!C25) | D22: ='Comps'!E25 -> 0 | E22: ='Comps'!F25 -> 0 | F22: ='Comps'!G25 | G22: ='Comps'!H25 -> 0
A23: 15 | B23: =IFERROR('Comps'!B26,"DELETE") -> 0 | C23: =IF('Comps'!C26="","",'Comps'!C26) | D23: ='Comps'!E26 -> 0 | E23: ='Comps'!F26 -> 0 | F23: ='Comps'!G26 | G23: ='Comps'!H26 -> 0
A24: 16 | B24: =IFERROR('Comps'!B27,"DELETE") -> 0 | C24: =IF('Comps'!C27="","",'Comps'!C27) | D24: ='Comps'!E27 -> 0 | E24: ='Comps'!F27 -> 0 | F24: ='Comps'!G27 | G24: ='Comps'!H27 -> 0
B27: Max | G27: =MAX(G10:G24) -> 57.01214
B28: 3rd quartile | G28: =_xlfn.QUARTILE.INC(G10:G24,3) -> 16.11914
B29: Median | G29: =MEDIAN(G10:G24) -> 5.15018
B30: 1st quartile | G30: =_xlfn.QUARTILE.INC(G10:G24,1) -> 0
B31: Min | G31: =MIN(G10:G24) -> 0
B33: Normalisation of EBITDA
B35: Normalisation of EBITDA
B36: =Historicals!B15 -> (USD k)
B37: TTM EBITDA | D37: =Historicals!N34+(12-Historicals!N11)*Historicals!M34/12 -> 0
B38: Adjustment 1 | E38: Key in the adjustments needed
B39: Adjustment 2
B40: Adjustment 3
B41: Adjustment 4
B42: Normalised EBITDA | D42: =SUM(D37:D41) -> 0
B43: Source: Management & FVA
B45: Valuation via Market Approach
B47: Select | C47: Min | D47: 1st quartile | E47: Median
B49: ="Valuation of "&PROPER(Subject)&" - Market Approach" -> Valuation of Netflix - Market Approach
B50: =Historicals!B15 -> (USD k) | C50: Low | D50: Base | E50: High
B51: EV/EBITDA multiple | C51: =IFERROR(VLOOKUP(C47,$B$27:$G$31,6,0),"") -> 0 | D51: =IFERROR(VLOOKUP(D47,$B$27:$G$31,6,0),"") -> 0 | E51: =IFERROR(VLOOKUP(E47,$B$27:$G$31,6,0),"") -> 5.15018
B52: Normalised EBITDA | C52: =D42 -> 0
B54: Enterprise Value | C54: =C51*$C$52 -> 0 | D54: =D51*$C$52 -> 0 | E54: =E51*$C$52 -> 0
B55: =DCF!B38 -> Net debt | C55: =DCF!D38 -> 0
B56: =DCF!B39 -> Net non-operating assets | C56: =DCF!D39 -> 0
B58: =DCF!B40 -> Equity Value (100%) | C58: =C54+SUM($C$55:$C$56) -> 0 | D58: =D54+SUM($C$55:$C$56) -> 0 | E58: =E54+SUM($C$55:$C$56) -> 0
B59: =DCF!B41 -> % shareholding | C59: =pcent -> 1
B60: Control premium | C60: =IF(DCF!F11="Y",'DLOM DLOC'!H29,0) -> 0.344 | F60: Apply control premium if valuing controlling stake
B61: =DCF!B43 -> DLOM | C61: =IF(DCF!F11="Y",0,'DLOM DLOC'!D14) -> 0 | F61: Always apply DLOM for Market Approach to account for differences in Marketability between Comps and Subject
B62: ="Equity Value ("&TEXT(pcent,"0.0%")&")" -> Equity Value (100.0%) | C62: =C58*pcent*(1+$C$60)*(1-$C$61) -> 0 | D62: =D58*pcent*(1+$C$60)*(1-$C$61) -> 0 | E62: =E58*pcent*(1+$C$60)*(1-$C$61) -> 0
B63: Source: Management & FVA's computations

Sheet C5
B1: Market Approach - Recent Transactions
B9: Transaction ID
B11: Comparable transactions
B12: Announce Date | C12: Target Name | D12: Acquirer Name | E12: Target Country | F12: Announced Total Value (mil.) | G12: Deal Status | H12: Target Currency | I12: EV/EBITDA | J12: EV/Revenue | K12: EV/EBIT
A13: (Invalid Identifier) | B13: (Invalid Transaction Id) | C13: (Invalid Transaction Id) | D13: (Invalid Transaction Id) | E13: (Invalid Identifier) | F13: (Invalid Transaction Id) | G13: (Invalid Transaction Id) | H13: (Invalid Transaction Id) | I13: (Invalid Transaction Id) | J13: (Invalid Transaction Id) | K13: (Invalid Transaction Id) | L13: 1
A14: (Invalid Identifier) | B14: (Invalid Transaction Id) | C14: (Invalid Transaction Id) | D14: (Invalid Transaction Id) | E14: (Invalid Identifier) | F14: (Invalid Transaction Id) | G14: (Invalid Transaction Id) | H14: (Invalid Transaction Id) | I14: (Invalid Transaction Id) | J14: (Invalid Transaction Id) | K14: (Invalid Transaction Id) | L14: =L13+1 -> 2
A15: (Invalid Identifier) | B15: (Invalid Transaction Id) | C15: (Invalid Transaction Id) | D15: (Invalid Transaction Id) | E15: (Invalid Identifier) | F15: (Invalid Transaction Id) | G15: (Invalid Transaction Id) | H15: (Invalid Transaction Id) | I15: (Invalid Transaction Id) | J15: (Invalid Transaction Id) | K15: (Invalid Transaction Id) | L15: =L14+1 -> 3
A16: (Invalid Identifier) | B16: (Invalid Transaction Id) | C16: (Invalid Transaction Id) | D16: (Invalid Transaction Id) | E16: (Invalid Identifier) | F16: (Invalid Transaction Id) | G16: (Invalid Transaction Id) | H16: (Invalid Transaction Id) | I16: (Invalid Transaction Id) | J16: (Invalid Transaction Id) | K16: (Invalid Transaction Id) | L16: =L15+1 -> 4
A17: (Invalid Identifier) | B17: (Invalid Transaction Id) | C17: (Invalid Transaction Id) | D17: (Invalid Transaction Id) | E17: (Invalid Identifier) | F17: (Invalid Transaction Id) | G17: (Invalid Transaction Id) | H17: (Invalid Transaction Id) | I17: (Invalid Transaction Id) | J17: (Invalid Transaction Id) | K17: (Invalid Transaction Id) | L17: =L16+1 -> 5
A18: (Invalid Identifier) | B18: (Invalid Transaction Id) | C18: (Invalid Transaction Id) | D18: (Invalid Transaction Id) | E18: (Invalid Identifier) | F18: (Invalid Transaction Id) | G18: (Invalid Transaction Id) | H18: (Invalid Transaction Id) | I18: (Invalid Transaction Id) | J18: (Invalid Transaction Id) | K18: (Invalid Transaction Id) | L18: =L17+1 -> 6
A19: (Invalid Identifier) | B19: (Invalid Transaction Id) | C19: (Invalid Transaction Id) | D19: (Invalid Transaction Id) | E19: (Invalid Identifier) | F19: (Invalid Transaction Id) | G19: (Invalid Transaction Id) | H19: (Invalid Transaction Id) | I19: (Invalid Transaction Id) | J19: (Invalid Transaction Id) | K19: (Invalid Transaction Id) | L19: =L18+1 -> 7
A20: (Invalid Identifier) | B20: (Invalid Transaction Id) | C20: (Invalid Transaction Id) | D20: (Invalid Transaction Id) | E20: (Invalid Identifier) | F20: (Invalid Transaction Id) | G20: (Invalid Transaction Id) | H20: (Invalid Transaction Id) | I20: (Invalid Transaction Id) | J20: (Invalid Transaction Id) | K20: (Invalid Transaction Id) | L20: =L19+1 -> 8
A21: (Invalid Identifier) | B21: (Invalid Transaction Id) | C21: (Invalid Transaction Id) | D21: (Invalid Transaction Id) | E21: (Invalid Identifier) | F21: (Invalid Transaction Id) | G21: (Invalid Transaction Id) | H21: (Invalid Transaction Id) | I21: (Invalid Transaction Id) | J21: (Invalid Transaction Id) | K21: (Invalid Transaction Id) | L21: =L20+1 -> 9
A22: (Invalid Identifier) | B22: (Invalid Transaction Id) | C22: (Invalid Transaction Id) | D22: (Invalid Transaction Id) | E22: (Invalid Identifier) | F22: (Invalid Transaction Id) | G22: (Invalid Transaction Id) | H22: (Invalid Transaction Id) | I22: (Invalid Transaction Id) | J22: (Invalid Transaction Id) | K22: (Invalid Transaction Id) | L22: =L21+1 -> 10
A23: (Invalid Identifier) | B23: (Invalid Transaction Id) | C23: (Invalid Transaction Id) | D23: (Invalid Transaction Id) | E23: (Invalid Identifier) | F23: (Invalid Transaction Id) | G23: (Invalid Transaction Id) | H23: (Invalid Transaction Id) | I23: (Invalid Transaction Id) | J23: (Invalid Transaction Id) | K23: (Invalid Transaction Id) | L23: =L22+1 -> 11
A24: (Invalid Identifier) | B24: (Invalid Transaction Id) | C24: (Invalid Transaction Id) | D24: (Invalid Transaction Id) | E24: (Invalid Identifier) | F24: (Invalid Transaction Id) | G24: (Invalid Transaction Id) | H24: (Invalid Transaction Id) | I24: (Invalid Transaction Id) | J24: (Invalid Transaction Id) | K24: (Invalid Transaction Id) | L24: =L23+1 -> 12
A25: (Invalid Identifier) | B25: (Invalid Transaction Id) | C25: (Invalid Transaction Id) | D25: (Invalid Transaction Id) | E25: (Invalid Identifier) | F25: (Invalid Transaction Id) | G25: (Invalid Transaction Id) | H25: (Invalid Transaction Id) | I25: (Invalid Transaction Id) | J25: (Invalid Transaction Id) | K25: (Invalid Transaction Id) | L25: =L24+1 -> 13
A26: (Invalid Identifier) | B26: (Invalid Transaction Id) | C26: (Invalid Transaction Id) | D26: (Invalid Transaction Id) | E26: (Invalid Identifier) | F26: (Invalid Transaction Id) | G26: (Invalid Transaction Id) | H26: (Invalid Transaction Id) | I26: (Invalid Transaction Id) | J26: (Invalid Transaction Id) | K26: (Invalid Transaction Id) | L26: =L25+1 -> 14
B28: Source: CIQ | D28: Max | I28: =_xlfn.QUARTILE.INC(I$13:I$26,$L28) -> #NUM! | J28: =_xlfn.QUARTILE.INC(J$13:J$26,$L28) -> #NUM! | K28: =_xlfn.QUARTILE.INC(K$13:K$26,$L28) -> #NUM! | L28: 4
D29: 3rd quartile | I29: =_xlfn.QUARTILE.INC(I$13:I$26,$L29) -> #NUM! | J29: =_xlfn.QUARTILE.INC(J$13:J$26,$L29) -> #NUM! | K29: =_xlfn.QUARTILE.INC(K$13:K$26,$L29) -> #NUM! | L29: 3
D30: Median | I30: =_xlfn.QUARTILE.INC(I$13:I$26,$L30) -> #NUM! | J30: =_xlfn.QUARTILE.INC(J$13:J$26,$L30) -> #NUM! | K30: =_xlfn.QUARTILE.INC(K$13:K$26,$L30) -> #NUM! | L30: 2
D31: 1st quartile | I31: =_xlfn.QUARTILE.INC(I$13:I$26,$L31) -> #NUM! | J31: =_xlfn.QUARTILE.INC(J$13:J$26,$L31) -> #NUM! | K31: =_xlfn.QUARTILE.INC(K$13:K$26,$L31) -> #NUM! | L31: 1
D32: Min | I32: =_xlfn.QUARTILE.INC(I$13:I$26,$L32) -> #NUM! | J32: =_xlfn.QUARTILE.INC(J$13:J$26,$L32) -> #NUM! | K32: =_xlfn.QUARTILE.INC(K$13:K$26,$L32) -> #NUM! | L32: 0
N36: Cross check of EV/EBITDA multiple
O37: ='Market '!C47 -> Min | P37: ='Market '!D47 -> 1st quartile | Q37: ='Market '!E47 -> Median
N38: Raw multiples - CoCos | O38: ='Market '!C51 -> 0 | P38: ='Market '!D51 -> 0 | Q38: ='Market '!E51 -> 5.15018
N39: Adjusted multiples - CoCos | O39: ='Market '!#REF! -> #REF! | P39: ='Market '!#REF! -> #REF! | Q39: ='Market '!#REF! -> #REF!
N40: Raw multiples - CoTrans | O40: =VLOOKUP(O37,$D$28:$I$32,6,FALSE) -> #NUM! | P40: =VLOOKUP(P37,$D$28:$I$32,6,FALSE) -> #NUM! | Q40: =VLOOKUP(Q37,$D$28:$I$32,6,FALSE) -> #NUM!

Sheet Charts - Target KPI's
B1: Target Company KPI's
B2: Revenue
B3: ="("&curr&" "&Input!D8&")" -> (USD k) | C3: =Historicals!D15 -> FYTE | D3: =Historicals!E15 -> FYTE | E3: =Historicals!F15 -> FYTE | F3: =Historicals!G15 -> FYTE | G3: =Historicals!H15 -> FYTE | H3: =Historicals!I15 -> FYTE | I3: =Historicals!J15 -> FY21 | J3: =Historicals!K15 -> FY22 | ... M3: =Historicals!N15 -> FY25 | N3: =Forecast!D16 -> FY26F | O3: =Forecast!E16 -> FY27F | P3: =Forecast!F16 -> FY28F | Q3: =Forecast!G16 -> FY29F | R3: =Forecast!H16 -> FY30F | S3: =Forecast!I16 -> FYTEF | T3: =Forecast!J16 -> FYTEF | U3: =Forecast!K16 -> FYTEF | ... X3: =Forecast!N16 -> FYTEF
B4: Historical Revenue | C4: =Historicals!D16 -> 0 | D4: =Historicals!E16 -> 0 | E4: =Historicals!F16 -> 0 | F4: =Historicals!G16 -> 0 | G4: =Historicals!H16 -> 0 | H4: =Historicals!I16 -> 0 | I4: =Historicals!J16 -> 0 | J4: =Historicals!K16 -> 0 | ... M4: =Historicals!N16 -> 0
B5: Forecast Revenue | N5: =Forecast!D17 -> 0 | O5: =Forecast!E17 -> 0 | P5: =Forecast!F17 -> 0 | Q5: =Forecast!G17 -> 0 | R5: =Forecast!H17 -> 0 | S5: =Forecast!I17 -> 0 | T5: =Forecast!J17 -> 0 | U5: =Forecast!K17 -> 0 | ... X5: =Forecast!N17 -> 0
B6: YoY Growth % | C6: =Historicals!D51 | D6: =Historicals!E51 | E6: =Historicals!F51 | F6: =Historicals!G51 | G6: =Historicals!H51 | H6: =Historicals!I51 | I6: =Historicals!J51 | J6: =Historicals!K51 | ... M6: =Historicals!N51 | N6: =Forecast!D43 | O6: =Forecast!E43 | P6: =Forecast!F43 | Q6: =Forecast!G43 | R6: =Forecast!H43 | S6: =Forecast!I43 | T6: =Forecast!J43 | U6: =Forecast!K43 | ... X6: =Forecast!N43
B42: Gross Profit
B43: =B3 -> (USD k) | C43: =C3 -> FYTE | D43: =D3 -> FYTE | E43: =E3 -> FYTE | F43: =F3 -> FYTE | G43: =G3 -> FYTE | H43: =H3 -> FYTE | I43: =I3 -> FY21 | ... X43: =X3 -> FYTEF
B44: Historical Gross Profit | C44: =Historicals!D23 -> 0 | D44: =Historicals!E23 -> 0 | E44: =Historicals!F23 -> 0 | F44: =Historicals!G23 -> 0 | G44: =Historicals!H23 -> 0 | H44: =Historicals!I23 -> 0 | I44: =Historicals!J23 -> 0 | J44: =Historicals!K23 -> 0 | ... M44: =Historicals!N23 -> 0
B45: Forecast Gross Profit | N45: =Forecast!D24 -> 0 | O45: =Forecast!E24 -> 0 | P45: =Forecast!F24 -> 0 | Q45: =Forecast!G24 -> 0 | R45: =Forecast!H24 -> 0 | S45: =Forecast!I24 -> 0 | T45: =Forecast!J24 -> 0 | U45: =Forecast!K24 -> 0 | ... X45: =Forecast!N24 -> 0
B46: Gross Margin | C46: =Historicals!D61 | D46: =Historicals!E61 | E46: =Historicals!F61 | F46: =Historicals!G61 | G46: =Historicals!H61 | H46: =Historicals!I61 | I46: =Historicals!J61 | J46: =Historicals!K61 | ... M46: =Historicals!N61 | N46: =Forecast!D52 | O46: =Forecast!E52 | P46: =Forecast!F52 | Q46: =Forecast!G52 | R46: =Forecast!H52 | S46: =Forecast!I52 | T46: =Forecast!J52 | U46: =Forecast!K52 | ... X46: =Forecast!N52
B82: EBITDA
B83: =B3 -> (USD k) | C83: =C3 -> FYTE | D83: =D3 -> FYTE | E83: =E3 -> FYTE | F83: =F3 -> FYTE | G83: =G3 -> FYTE | H83: =H3 -> FYTE | I83: =I3 -> FY21 | ... X83: =X3 -> FYTEF
B84: Historical EBITDA | C84: =Historicals!D34 -> 0 | D84: =Historicals!E34 -> 0 | E84: =Historicals!F34 -> 0 | F84: =Historicals!G34 -> 0 | G84: =Historicals!H34 -> 0 | H84: =Historicals!I34 -> 0 | I84: =Historicals!J34 -> 0 | J84: =Historicals!K34 -> 0 | ... M84: =Historicals!N34 -> 0
B85: Forecast EBITDA | N85: =Forecast!D35 -> 0 | O85: =Forecast!E35 -> 0 | P85: =Forecast!F35 -> 0 | Q85: =Forecast!G35 -> 0 | R85: =Forecast!H35 -> 0 | S85: =Forecast!I35 -> 0 | T85: =Forecast!J35 -> 0 | U85: =Forecast!K35 -> 0 | ... X85: =Forecast!N35 -> 0
B86: EBITDA Margin | C86: =Historicals!D63 | D86: =Historicals!E63 | E86: =Historicals!F63 | F86: =Historicals!G63 | G86: =Historicals!H63 | H86: =Historicals!I63 | I86: =Historicals!J63 | J86: =Historicals!K63 | ... M86: =Historicals!N63 | N86: =Forecast!D54 | O86: =Forecast!E54 | P86: =Forecast!F54 | Q86: =Forecast!G54 | R86: =Forecast!H54 | S86: =Forecast!I54 | T86: =Forecast!J54 | U86: =Forecast!K54 | ... X86: =Forecast!N54
B124: Net Working Capital
B125: =B3 -> (USD k) | C125: =C3 -> FYTE | D125: =D3 -> FYTE | E125: =E3 -> FYTE | F125: =F3 -> FYTE | G125: =G3 -> FYTE | H125: =H3 -> FYTE | I125: =I3 -> FY21 | ... X125: =X3 -> FYTEF
B126: Historical NWC | C126: =Historicals!D162 -> 0 | D126: =Historicals!E162 -> 0 | E126: =Historicals!F162 -> 0 | F126: =Historicals!G162 -> 0 | G126: =Historicals!H162 -> 0 | H126: =Historicals!I162 -> 0 | I126: =Historicals!J162 -> 0 | J126: =Historicals!K162 -> 0 | ... M126: =Historicals!N162 -> 0
B127: Forecast NWC | N127: =M126-Forecast!D58 -> 0 | O127: =N127-Forecast!E58 -> 0 | P127: =O127-Forecast!F58 -> 0 | Q127: =P127-Forecast!G58 -> 0 | R127: =Q127-Forecast!H58 -> 0 | S127: =R127-Forecast!I58 -> 0 | T127: =S127-Forecast!J58 -> 0 | U127: =T127-Forecast!K58 -> 0 | V127: =U127-Forecast!L58 -> 0 | ... X127: =W127-Forecast!N58 -> 0
B128: NWC / Sales | C128: =Historicals!D164 | D128: =Historicals!E164 | E128: =Historicals!F164 | F128: =Historicals!G164 | G128: =Historicals!H164 | H128: =Historicals!I164 | I128: =Historicals!J164 | J128: =Historicals!K164 | ... M128: =Historicals!N164 | N128: =IFERROR(N127/N5,"") | O128: =IFERROR(O127/O5,"") | P128: =IFERROR(P127/P5,"") | Q128: =IFERROR(Q127/Q5,"") | R128: =IFERROR(R127/R5,"") | S128: =IFERROR(S127/S5,"") | T128: =IFERROR(T127/T5,"") | U128: =IFERROR(U127/U5,"") | ... X128: =IFERROR(X127/X5,"")
B166: Capex
B167: =B3 -> (USD k) | C167: =C3 -> FYTE | D167: =D3 -> FYTE | E167: =E3 -> FYTE | F167: =F3 -> FYTE | G167: =G3 -> FYTE | H167: =H3 -> FYTE | I167: =I3 -> FY21 | ... X167: =X3 -> FYTEF
B168: Historical Capex | C168: =-Historicals!D143 -> 0 | D168: =-Historicals!E143 -> 0 | E168: =-Historicals!F143 -> 0 | F168: =-Historicals!G143 -> 0 | G168: =-Historicals!H143 -> 0 | H168: =-Historicals!I143 -> 0 | I168: =-Historicals!J143 -> 0 | J168: =-Historicals!K143 -> 0 | ... M168: =-Historicals!N143 -> 0
B169: Forecast Capex | N169: =-Forecast!D57 -> 0 | O169: =-Forecast!E57 -> 0 | P169: =-Forecast!F57 -> 0 | Q169: =-Forecast!G57 -> 0 | R169: =-Forecast!H57 -> 0 | S169: =-Forecast!I57 -> 0 | T169: =-Forecast!J57 -> 0 | U169: =-Forecast!K57 -> 0 | ... X169: =-Forecast!N57 -> 0
B170: Capex / Sales | C170: =IFERROR(C168/C4,"") | D170: =IFERROR(D168/D4,"") | E170: =IFERROR(E168/E4,"") | F170: =IFERROR(F168/F4,"") | G170: =IFERROR(G168/G4,"") | H170: =IFERROR(H168/H4,"") | I170: =IFERROR(I168/I4,"") | J170: =IFERROR(J168/J4,"") | ... M170: =IFERROR(M168/M4,"") | N170: =IFERROR(N169/N5,"") | O170: =IFERROR(O169/O5,"") | P170: =IFERROR(P169/P5,"") | Q170: =IFERROR(Q169/Q5,"") | R170: =IFERROR(R169/R5,"") | S170: =IFERROR(S169/S5,"") | T170: =IFERROR(T169/T5,"") | U170: =IFERROR(U169/U5,"") | ... X170: =IFERROR(X169/X5,"")

Sheet _CIQHiddenCacheSheet
